 Dungeon Crawl Stone Soup version 0.29.1-1-gd02db6906a (webtiles) character file.

Game seed: 16846006353754962858

2419413 sleeves the Impregnable (level 27, 260/260 HPs)
             Began as a Minotaur Enchanter on Sept 28, 2022.
             Was the Champion of Okawaru.
             Escaped with the Orb
             ... and 4 runes!
             The game lasted 03:10:24 (66479 turns).

sleeves the Impregnable (Minotaur Enchanter)       Turns: 66479, Time: 03:10:24

Health: 260/260    AC: 45    Str: 26 (28) XL:     27
Magic:  14/14      EV: 18    Int:  8      God:    Okawaru [******]
Gold:   6282       SH: 35    Dex: 16      Spells: 28/28 levels left

rFire   + + .      SeeInvis +   a - +11 broad axe of the Original Sin {antimagic, rPois Will+ Str+3 Stlth-}
rCold   + + +      Faith    .   r - +10 tower shield of Ignorance {rN+ Int-4}
rNeg    + + .      Spirit   .   T - +9 scales of the Dragon King {rPois rF+ rC+ Will+}
rPois   +          Reflect  .   (helmet restricted)
rElec   +          Harm     .   e - +0 cloak "Ofi Ciew" {god gift, rC+ Will+ Str+2 Slay+2}
rCorr   .          Rampage  .   l - +1 pair of gloves {Dex+3} {god gift}
Will    +++++                   N - +2 pair of boots of Ireumaxo {god gift, rElec rC+++ MP+9 Str-2}
Stlth   ..........              R - amulet of Vitality {RegenMP++ Regen++}
HPRegen 2.13/turn               M - ring "Aqoxket" {rF+ rN+ Will+}
MPRegen 0.94/turn               k - ring of see invisible

@: mighty, heroic, studying 3 skills
A: horns 2, retaliatory headbutt, talons 1, deterioration 1, evolution 1
0: Orb of Zot
}: 4/15 runes: serpentine, barnacled, slimy, silver
a: Renounce Religion, Heroism, Finesse, Duel


You escaped.
You worshipped Okawaru.
Okawaru was exalted by your worship.
You visited 11 branches of the dungeon, and saw 55 of its levels.
You visited 1 bazaar.
You also visited: Trove, Sewer, Ice Cave, Wizlab and Desolation.

You collected 9356 gold pieces.
You spent 3074 gold pieces at shops.

Inventory:

Hand Weapons
 a - the +11 broad axe of the Original Sin (weapon) {antimagic, rPois Will+ Str+3 Stlth-}
   (You bought it in a shop on level 3 of the Dungeon)

   It reduces the magical energy of the wielder, and disrupts the spells and
   magical abilities of those it strikes.
   Natural abilities and divine invocations are not affected.
   Str:       It affects your strength (+3).
   rPois:     It protects you from poison.
   Will:      It increases your willpower.
   Stlth:     It makes you less stealthy.
 b - a +9 vampiric broad axe
   (You found it in a treasure trove)
 j - a +9 vorpal broad axe {god gift}
   (Okawaru gifted it to you on level 2 of the Orcish Mines)
Missiles
 u - 66 boomerangs
 v - 18 javelins
 x - 6 throwing nets
 O - 9 silver boomerangs (quivered) {god gift}
 X - 19 silver javelins {god gift}
Armour
 e - the +0 cloak "Ofi Ciew" (worn) {god gift, rC+ Will+ Str+2 Slay+2}
   (Okawaru gifted it to you on level 5 of the Vaults)

   Str:       It affects your strength (+2).
   Slay:      It affects your accuracy & damage with ranged weapons and melee
   (+2).
   rC:        It protects you from cold.
   Will:      It increases your willpower.
 l - a +1 pair of gloves of dexterity (worn) {god gift}
   (Okawaru gifted it to you on level 3 of the Crypt)
 n - the +10 plate armour of Ucamnikhe {Drain rF+ Regen+}
   (You found it on level 5 of the Vaults)

   rF:        It protects you from fire.
   Regen:     It increases your rate of health regeneration.
   Drain:     It drains your maximum health when unequipped.
 r - the +10 tower shield of Ignorance (worn) {rN+ Int-4}
   (You found it on level 3 of the Elven Halls)

   Int:       It affects your intelligence (-4).
   rN:        It protects you from negative energy.
 H - a +11 crystal plate armour of cold resistance
   (You found it in an ice cave)
 N - the +2 pair of boots of Ireumaxo (worn) {god gift, rElec rC+++ MP+9 Str-2}
   (Okawaru gifted it to you on level 4 of the Lair of Beasts)

   Str:       It affects your strength (-2).
   rC:        It renders you almost immune to cold.
   rElec:     It insulates you from electricity.
   MP:        It affects your magic capacity (+9).
 T - the +9 scales of the Dragon King (worn) {rPois rF+ rC+ Will+}
   (You found it on level 1 of the Realm of Zot)

   rF:        It protects you from fire.
   rC:        It protects you from cold.
   rPois:     It protects you from poison.
   Will:      It increases your willpower.
Jewellery
 k - a ring of see invisible (right hand)
   (You took it off a yaktaur on level 15 of the Dungeon)
 y - the ring of Xom's Amusement {rPois Will++ Int+4}
   (You found it in a wizard's laboratory)

   [ring of poison resistance]

   Int:       It affects your intelligence (+4).
   rPois:     It protects you from poison.
   Will:      It greatly increases your willpower.
 A - the ring of the Slug {rC++ EV+4 Dex+7 Slay+5}
   (You found it in the Desolation of Salt)

   [ring of evasion]

   EV:        It affects your evasion (+4).
   Dex:       It affects your dexterity (+7).
   Slay:      It affects your accuracy & damage with ranged weapons and melee
   (+5).
   rC:        It greatly protects you from cold.
 I - the ring "Ujegileaps" {rCorr Int+5 Stlth+}
   (You took it off a deep elf elementalist on level 3 of the Elven Halls)

   [ring of resist corrosion]

   Int:       It affects your intelligence (+5).
   rCorr:     It protects you from acid and corrosion.
   Stlth:     It makes you more stealthy.
 J - a ring of flight
   (You found it on level 4 of the Dungeon)
 L - the ring of Qeol {rPois rF+ AC+4 Int+3}
   (You found it on level 5 of the Vaults)

   [ring of protection]

   AC:        It affects your AC (+4).
   Int:       It affects your intelligence (+3).
   rF:        It protects you from fire.
   rPois:     It protects you from poison.
 M - the ring "Aqoxket" (left hand) {rF+ rN+ Will+}
   (You found it on level 3 of the Crypt)

   [ring of willpower]

   rF:        It protects you from fire.
   rN:        It protects you from negative energy.
   Will:      It increases your willpower.
 R - the amulet of Vitality (around neck) {RegenMP++ Regen++}
   (You found it on level 5 of the Pits of Slime)

   [amulet of magic regeneration]

   It increases your rate of magic regeneration.
   Regen:     It increases your rate of health regeneration.
 S - the amulet "Utsuru" {Acrobat rF+ Stlth+}
   (You took it off a deep elf demonologist on level 3 of the Elven Halls)

   [amulet of the acrobat]

   It increases your evasion while moving and waiting.
   rF:        It protects you from fire.
   Stlth:     It makes you more stealthy.
 U - the amulet "Attyonu" {Faith rPois Str+2 Slay-4 Stlth+}
   (You found it on level 3 of the Realm of Zot)

   [amulet of faith]

   It allows you to gain divine favour quickly.
   Str:       It affects your strength (+2).
   Slay:      It affects your accuracy & damage with ranged weapons and melee
   (-4).
   rPois:     It protects you from poison.
   Stlth:     It makes you more stealthy.
Wands
 Q - a wand of digging (35)
   (You found it on level 5 of the Lair of Beasts)
 Z - a wand of light (33)
   (You found it on level 4 of the Lair of Beasts)
Scrolls
 d - 3 scrolls of brand weapon
 f - 6 scrolls of immolation
 g - 9 scrolls of vulnerability
 p - 7 scrolls of blinking
 s - 27 scrolls of teleportation
 w - 5 scrolls of enchant weapon
 z - 5 scrolls of silence
 D - 8 scrolls of fear
 G - a scroll of magic mapping
 V - 31 scrolls of identify
Potions
 c - a potion of invisibility
 h - 3 potions of berserk rage
 i - 10 potions of flight
 m - 8 potions of attraction
 o - 3 potions of cancellation {unknown}
 q - 5 potions of magic
 t - 24 potions of curing
 B - 5 potions of haste
 C - 9 potions of might
 E - a potion of experience {unknown}
 F - 7 potions of mutation
 K - 9 potions of resistance
 W - 14 potions of heal wounds
 Y - 6 potions of ambrosia
Miscellaneous
 P - a phial of floods
   (You found it in an ice cave)


   Skills:
 + Level 23.9(27) Fighting
 - Level 1.1(6.1) Short Blades
 + Level 22.4(27) Axes
 - Level 6.4(11.4) Ranged Weapons
 - Level 18.0(23.0) Throwing
 - Level 25.0(27) Armour
 + Level 23.4(27) Dodging
 - Level 2.4(7.4) Stealth
 - Level 25.0(27) Shields
 - Level 1.3 Spellcasting
 - Level 2.0 Hexes
 - Level 15.0 Invocations


You had 28 spell levels left.
You didn't know any spells.
Your spell library contained the following spells:

 Spells                   Type           Power      Damage    Failure   Level
 Apportation              Tloc           0%         N/A       94%         1
 Freeze                   Ice            0%         1d3       94%         1
 Necrotise                Necr           0%         1d4       94%         1
 Sandblast                Erth           0%         2d4       94%         1
 Shock                    Conj/Air       0%         1d3       94%         1
 Sting                    Tmut/Pois      0%         1d3       94%         1
 Ensorcelled Hibernation  Hex/Ice        4%         N/A       94%         2
 Confusing Touch          Hex            3%         N/A       97%         3
 Blink                    Tloc           0%         N/A       98%         2
 Passwall                 Tmut/Erth      0%         N/A       98%         2
 Poisonous Vapours        Pois/Air       0%         N/A       98%         2
 Scorch                   Fire           0%         2d5       98%         2
 Static Discharge         Conj/Air       0%         3-3/arc   98%         2
 Sublimation of Blood     Necr           0%         N/A       98%         2
 Wereblood                Tmut           0%         N/A       98%         2
 Dazzling Flash           Conj/Hex       4%         N/A       99%         3
 Inner Flame              Hex/Fire       2%         N/A       99%         3
 Portal Projectile        Hex/Tloc       4%         N/A       99%         3
 Conjure Flame            Conj/Fire      0%         6-21      100%        3
 Frozen Ramparts          Ice            0%         1d1       100%        3
 Gell's Gravitas          Tloc           0%         N/A       100%        3
 Ignite Poison            Fire/Tmut/Pois 0%         N/A       100%        3
 Lesser Beckoning         Tloc           0%         N/A       100%        3
 Ozocubu's Armour         Ice            0%         N/A       100%        3
 Spider Form              Tmut/Pois      0%         N/A       100%        3
 Stone Arrow              Conj/Erth      0%         3d7       100%        3
 Vampiric Draining        Necr           0%         2d6       100%        3
 Airstrike                Air            0%         2d(0-16)  100%        4
 Anguish                  Hex/Necr       1%         N/A       100%        4
 Cause Fear               Hex            1%         N/A       100%        4
 Corpse Rot               Necr/Pois/Air  0%         N/A       100%        4
 Dispel Undead            Necr           0%         3d6       100%        4
 Flame Wave               Conj/Fire      0%         2d4       100%        4
 Hailstorm                Conj/Ice       0%         3d3       100%        4
 Ice Form                 Ice/Tmut       0%         N/A       100%        4
 Iskenderun's Mystic Bla  Conj/Tloc      0%         2d3       100%        4
 Leda's Liquefaction      Hex/Erth       1%         N/A       100%        4
 Olgreb's Toxic Radiance  Pois           0%         N/A       100%        4
 Passage of Golubria      Tloc           0%         N/A       100%        4
 Petrify                  Tmut/Erth      0%         N/A       100%        4
 Sticky Flame             Conj/Fire      0%         2d3       100%        4
 Agony                    Necr           0%         N/A       100%        5
 Blade Hands              Tmut           0%         N/A       100%        5
 Borgnjor's Vile Clutch   Necr/Erth      0%         N/A       100%        5
 Irradiate                Conj/Tmut      0%         3d11      100%        5
 Lee's Rapid Deconstruct  Erth           0%         3d5*      100%        5
 Manifold Assault         Tloc           0%         N/A       100%        5
 Metabolic Englaciation   Hex/Ice        1%         N/A       100%        5
 Silence                  Hex/Air        1%         N/A       100%        5
 Yara's Violent Unravell  Hex/Tmut       1%         3d3       100%        5
 Conjure Ball Lightning   Conj/Air       0%         3x3d6     100%        6
 Dispersal                Tloc           0%         N/A       100%        6
 Iron Shot                Conj/Erth      0%         9d1       100%        6
 Starburst                Conj/Fire      0%         6d3       100%        6
 Statue Form              Tmut/Erth      0%         N/A       100%        6
 Enfeeble                 Hex            1%         N/A       100%        7
 Ozocubu's Refrigeration  Ice            0%         4d7       100%        7
 Discord                  Hex            1%         N/A       100%        8
 Disjunction              Tloc           0%         N/A       100%        8
 Ignition                 Fire           0%         3d3       100%        8
 Lehudib's Crystal Spear  Conj/Erth      0%         10d2      100%        8
 Necromutation            Tmut/Necr      0%         N/A       100%        8
 Chain Lightning          Conj/Air       0%         N/A       100%        9
 Fire Storm               Conj/Fire      0%         5d1       100%        9
 Shatter                  Erth           0%         3d5*      100%        9
 Summon Small Mammal      Summ           Unusable   N/A       N/A         1
 Tukima's Dance           Hex            Unusable   N/A       N/A         3
 Call Canine Familiar     Summ           Unusable   N/A       N/A         3
 Animate Armour           Summ/Erth      Unusable   N/A       N/A         4
 Animate Dead             Necr           Unusable   N/A       N/A         4
 Death Channel            Necr           Unusable   N/A       N/A         6
 Simulacrum               Ice/Necr       Unusable   N/A       N/A         6
 Summon Cactus Giant      Summ           Unusable   N/A       N/A         6
 Malign Gateway           Summ/Tloc      Unusable   N/A       N/A         7
 Monstrous Menagerie      Summ           Unusable   N/A       N/A         7

Dungeon Overview and Level Annotations

Branches:
Dungeon (15/15)            Temple (0/1) D:6            Lair (5/5) D:8
 Shoals (4/4) Lair:3        Snake (4/4) Lair:2        Slime (5/5) Lair:5
    Orc (2/2) D:12            Elf (3/3) Orc:2        Vaults (5/5) D:14
  Crypt (3/3) Vaults:3       Tomb (0/3) Crypt:3      Depths (4/4) D:15
    Zot (5/5) Depths:4      Sewer (visited)           IceCv (visited)
 WizLab (visited)         Desolation (visited)

Altars:
Elyvilon
Okawaru
Qazlal
Sif Muna
Wu Jian
Yredelemnul
Zin
The Shining One
Jiyva

Shops:
D:3 **((*   D:10 (   D:12 (   Orc:1 :   Orc:2 [(?:   Elf:2 ?   Shoals:1 *
Shoals:2 [   Snake:1 =   Vaults:5 :*

Portals:
Hell: Depths:1 Depths:2 Depths:3 Depths:4
Abyss: D:6 Depths:3 Depths:4
Pandemonium: Depths:1 Depths:2 Depths:3 Depths:4
Ziggurat: Depths:4

Annotations:
Lair:2 1 runed translucent door, turdburglar's ghost, journeyman HOFi
Shoals:4 exclusion: 2 oklob plants
Elf:1 1 runed translucent door
Elf:2 3 runed translucent doors


Innate Abilities, Weirdness & Mutations

You have a pair of horns on your head.
You reflexively headbutt those who attack you in melee.
You have sharp toenails.
Your body sometimes deteriorates upon taking damage.
You have hidden genetic potential.


Message History

You slice the Orb Guardian!! Your headbutt misses the Orb Guardian.
The Orb Guardian is heavily wounded.
You barely miss the Orb Guardian. You block the Orb Guardian's attack. x2
You slice the Orb Guardian!!
The Orb Guardian is severely wounded.
You slice the Orb Guardian!! You block the Orb Guardian's attack. x2
You slice the Orb Guardian!!
The Orb Guardian is almost dead.
You barely miss the Orb Guardian. You block the Orb Guardian's attack. x2
You chop the Orb Guardian into pieces!!!
You kill the Orb Guardian!
Okawaru accepts your kill.
You miss the Orb Guardian.
The Orb Guardian hits you but does no damage.
You slice the Orb Guardian like a ripe choko!!!
You headbutt the Orb Guardian, but do no damage.
The Orb Guardian is almost dead.
You block the Orb Guardian's attack.
You hit the Orb Guardian but do no damage.
You headbutt the Orb Guardian!
You kill the Orb Guardian!
Okawaru accepts your kill.
You feel less attractive to monsters.
No target in view!
An Orb Guardian comes into view.
An ancient lich comes into view.
The ancient lich shouts!
An Orb Guardian comes into view.
You carve the Orb Guardian like a ham!!!
You headbutt the Orb Guardian!
The Orb Guardian is severely wounded.
You block the Orb Guardian's attack.
You hear a loud "Zot"!
The power of Zot is invoked against you!
You are contaminated with residual magic.
An Orb Guardian comes into view. x2
You hit the Orb Guardian but do no damage.
You headbutt the Orb Guardian.
The Orb Guardian is severely wounded.
You block the Orb Guardian's attack.
You slice the Orb Guardian!!
You kill the Orb Guardian!
Okawaru accepts your kill.
You hear a loud "Zot"!
The power of Zot is invoked against you!
The Orb Guardian is recalled.
The purple draconian is recalled.
The Killer Klown is recalled.
The Orb Guardian is recalled.
An Orb Guardian comes into view.
A purple draconian comes into view. It is wielding a +0 dire flail.
An Orb Guardian comes into view.
The Killer Klown blinks!
An Orb Guardian comes into view.
You block the Orb Guardian's attack.
The purple draconian hits you with a +0 dire flail!!
You closely miss the Orb Guardian. You headbutt the Orb Guardian!
The Orb Guardian is lightly wounded.
You hit the Orb Guardian.
You completely miss the purple draconian.
You block the Orb Guardian's attack. x2
The Killer Klown fails to trigger a net trap.
You slash the Orb Guardian! Your headbutt misses the Orb Guardian.
The Orb Guardian is moderately wounded.
You hit the Orb Guardian but do no damage.
You slash the purple draconian!
You block the purple draconian's attack.
You block the Orb Guardian's attack. x2
You closely miss the Orb Guardian. You headbutt the Orb Guardian.
The Orb Guardian is heavily wounded.
You slice the purple draconian!! You hit the Orb Guardian.
You slash the Killer Klown!
The Killer Klown's magic leaks into the air.
You miss the Orb Guardian. You block the Orb Guardian's attack. x2
The Orb Guardian hits you!
You block the purple draconian's attack.
You block the Killer Klown's attack.
You slash the Orb Guardian! Your headbutt misses the Orb Guardian.
The Orb Guardian is heavily wounded.
You barely miss the Orb Guardian. You slice the Killer Klown!!
The Killer Klown's magic leaks into the air.
You slice the Orb Guardian!!
You cut the purple draconian into ribbons!!!
The Orb Guardian hits you but does no damage. x3
The purple draconian breathes dispelling energy at you.
The bolt of dispelling energy misses you.
You block the Killer Klown's attack.
You slash the purple draconian!
Your headbutt misses the purple draconian.
The purple draconian is severely wounded.
You hit the ancient lich but do no damage.
You miss the Orb Guardian. You slash the Killer Klown!
The Killer Klown's magic leaks into the air.
You hit the Orb Guardian but do no damage.
You slash the Orb Guardian! You block the Orb Guardian's attack.
The Orb Guardian hits you but does no damage.
You block the Orb Guardian's attack.
An Orb Guardian comes into view.
The Killer Klown pies you viciously! The klown pie misses you.
The klown pie hits the Orb Guardian!
Blueberry!
The Orb Guardian loses the ability to speak.
You gain the combat prowess of a mighty hero.
You block the Orb Guardian's attack. x2
The Orb Guardian hits you but does no damage.
You block the ancient lich's attack.
The purple draconian hits you but does no damage.
The Killer Klown falters for a moment.
The Orb Guardian hits you!! You block the Orb Guardian's attack.
You hit the ancient lich.
The ancient lich's magic leaks into the air.
You headbutt the ancient lich.
The ancient lich is lightly damaged.
You barely miss the Orb Guardian. You slash the Orb Guardian!
You slice the purple draconian!!
You kill the purple draconian!
Okawaru accepts your kill.
You hit the Orb Guardian but do no damage.
You hit the Killer Klown.
The Killer Klown's magic leaks into the air.
The ancient lich's magic is no longer disrupted.
The ancient lich touches you.
The Killer Klown blinks!
The Orb Guardian hits you!! You block the Orb Guardian's attack.
You slash the ancient lich!
The ancient lich's magic leaks into the air.
Your headbutt misses the ancient lich.
The ancient lich is lightly damaged.
You closely miss the Orb Guardian. You slash the Orb Guardian!
You slice the Orb Guardian like a ripe choko!!!
You kill the Orb Guardian!
Okawaru accepts your kill.
You slice the Orb Guardian!! You barely miss the Orb Guardian.
The ancient lich's magic is no longer disrupted.
The ancient lich gestures wildly while chanting.
The ancient lich flickers and vanishes for a moment.
You block the Orb Guardian's attack. x3
Your body shudders with the violent release of wild energies!
You feel frail.
You slash the ancient lich!
The ancient lich's magic leaks into the air.
You headbutt the ancient lich!!
The ancient lich is moderately damaged.
You slash the Orb Guardian! You hit the Orb Guardian.
You slice the Orb Guardian!!
You kill the Orb Guardian!
Okawaru accepts your kill.
You closely miss the Orb Guardian.
The Orb Guardian hits you but does no damage.
You block the Orb Guardian's attack. The Orb Guardian hits you!
The ancient lich touches you but does no damage.
You feel your dexterity returning.
You slice the ancient lich!!
The ancient lich's magic leaks into the air.
The ancient lich is heavily damaged.
You closely miss the Orb Guardian.
You hit the Orb Guardian but do no damage. x2
You block the Orb Guardian's attack. x2
You slash the ancient lich!
The ancient lich's magic leaks into the air.
You headbutt the ancient lich, but do no damage.
The ancient lich is severely damaged.
You closely miss the Orb Guardian. You hit the Orb Guardian.
You slash the Orb Guardian!
You hit the Orb Guardian but do no damage.
You block the Orb Guardian's attack.
The Orb Guardian hits you but does no damage.
The ancient lich mumbles some strange words.
The ancient lich seems to speed up.
You block the Orb Guardian's attack. x2
You slash the ancient lich!
The ancient lich's magic leaks into the air.
You headbutt the ancient lich.
The ancient lich is severely damaged.
You slash the Orb Guardian! You closely miss the Orb Guardian.
You hit the Orb Guardian. You slice the Orb Guardian!!
The Killer Klown's magic is no longer disrupted.
You block the Orb Guardian's attack.
The ancient lich touches you but does no damage.
You block the Orb Guardian's attack. The Orb Guardian hits you!!
The Orb Guardian completely misses you. You furiously retaliate!
You headbutt the Orb Guardian, but do no damage.
You hit the Orb Guardian.
The Orb Guardian is heavily wounded.
You hit the Orb Guardian.
You hit the Orb Guardian but do no damage.
You slice the Killer Klown!!
The Killer Klown's magic leaks into the air.
You slash the ancient lich!
The ancient lich's magic leaks into the air.
You slash the Orb Guardian!
The Killer Klown teases you but does no damage.
You block the Orb Guardian's attack.
The ancient lich gestures at you while chanting.
The crystal spear hits you!!!
* * * LOW HITPOINT WARNING * * *
You block the Orb Guardian's attack. x2; The Orb Guardian hits you!!
* * * LOW HITPOINT WARNING * * *
Your body deteriorates!
You feel dopey.
Unknown command.
Unknown command.
Unknown command.
Unknown command.
Unknown command.
Blink to where?
Press: ? - help, Dir - move target
As you read the scroll of blinking, it crumbles to dust.
Blink to where?
Press: ? - help, Dir - move target
As you read the scroll of blinking, it crumbles to dust.
Blink to where?
Press: ? - help, Dir - move target
As you read the scroll of blinking, it crumbles to dust.
What are your orders? t - Shout!
Orders for allies: a - Attack new target. r - Retreat! s - Stop attacking. g - Guard the area. f - Follow me.
Anything else - Cancel.
Okay, then.
Blink to where?
Press: ? - help, Dir - move target
As you read the scroll of blinking, it crumbles to dust.
Your body shudders with the violent release of wild energies!
You feel frail.
Okay, then.
You start resting.
You feel less contaminated with magical energies.
You start resting.
HP restored.
Unknown command.
Really quaff the potion of mutation?
You feel extremely strange.
You feel stable.
You feel healthier.
You feel robust.
You feel clever.
You feel your magical essence link to the dungeon's wands.
Really quaff the potion of mutation?
You feel extremely strange.
Your rate of healing slows.
Your magical essence no longer links to wands of the dungeon.
You feel a hidden potential growing inside you.
You feel clumsy.
Really quaff the potion of mutation?
You feel extremely strange.
You feel robust. x2; You feel agile.
You feel yourself wasting away.
Your toenails lengthen and sharpen.
You start resting.
HP restored.
You feel like a meek peon again.
The Killer Klown fails to trigger a net trap.
The Killer Klown blinks!
You throw a silver boomerang {god gift}.
The silver boomerang {god gift} hits the Killer Klown!
The silver sears the Killer Klown!
The Killer Klown is lightly wounded.
You slash the Killer Klown!
The Killer Klown's magic leaks into the air.
You headbutt the Killer Klown.
The Killer Klown is lightly wounded.
The Killer Klown's magic is no longer disrupted.
You block the Killer Klown's attack.
You slash the Killer Klown!
The Killer Klown's magic leaks into the air.
The Killer Klown is moderately wounded.
The Killer Klown headlocks you but does no damage.
You slash the Killer Klown!
The Killer Klown's magic leaks into the air.
Your headbutt misses the Killer Klown.
The Killer Klown is moderately wounded.
The Killer Klown pies you viciously! You block the klown pie.
You hit the Killer Klown but do no damage.
Your headbutt misses the Killer Klown.
The Killer Klown is moderately wounded.
The Killer Klown prods you with a +11 club of flaming!
The Killer Klown burns you.
You hit the Killer Klown.
The Killer Klown's magic leaks into the air.
The Killer Klown is moderately wounded.
You block the Killer Klown's attack.
You slash the Killer Klown!
The Killer Klown's magic leaks into the air.
The Killer Klown is heavily wounded.
You block the Killer Klown's attack.
You slice the Killer Klown!!
The Killer Klown's magic leaks into the air.
You headbutt the Killer Klown!
The Killer Klown is severely wounded.
The Killer Klown falters for a moment.
You slash the Killer Klown!
The Killer Klown's magic leaks into the air.
You headbutt the Killer Klown.
The Killer Klown is severely wounded.
You block the Killer Klown's attack.
You slash the Killer Klown!
The Killer Klown's magic leaks into the air.
The Killer Klown is almost dead.
The Killer Klown pies you viciously! You block the klown pie.
You closely miss the Killer Klown. Your headbutt misses the Killer Klown.
The Killer Klown is almost dead.
You slash the Killer Klown!
The Killer Klown's magic leaks into the air.
The Killer Klown is almost dead.
The Killer Klown falters for a moment.
You open the Killer Klown like a pillowcase!!!
You kill the Killer Klown!
Okawaru accepts your kill.
Your magical contamination has completely faded away.
Really walk into that net trap?
You become entangled in the net!
There is a net trap here.
You see here a throwing net.
You struggle against the net.
You struggle against the net.
You struggle against the net.
You tear a large gash into the net.
You shred the net and break free!
The ancient lich shouts!
The ancient lich points at you and mumbles some strange words.
You block the crystal spear.
You slash the ancient lich!
The ancient lich's magic leaks into the air.
The ancient lich is lightly damaged.
You block the ancient lich's attack.
You slash the ancient lich!
The ancient lich's magic leaks into the air.
The ancient lich is moderately damaged.
The ancient lich misses you. You furiously retaliate!
You headbutt the ancient lich.
You chop the ancient lich into pieces!!!
The ancient lich's magic leaks into the air.
The ancient lich is severely damaged.
The ancient lich touches you but does no damage.
You hit the ancient lich but do no damage.
The ancient lich is severely damaged.
You slash the ancient lich!
The ancient lich's magic leaks into the air.
Your headbutt misses the ancient lich.
The ancient lich is severely damaged.
You block the ancient lich's attack.
You barely miss the ancient lich.
The ancient lich is severely damaged.
The ancient lich falters for a moment.
You slash the ancient lich!
The ancient lich's magic leaks into the air.
Your headbutt misses the ancient lich.
The ancient lich is severely damaged.
You slice the ancient lich!!
The ancient lich's magic leaks into the air.
You headbutt the ancient lich, but do no damage.
The ancient lich is almost destroyed.
The ancient lich falters for a moment.
You slice the ancient lich!!
You destroy the ancient lich!
Okawaru accepts your kill.
No target in view!
No target in view!
You feel magic returning to you.
You feel a sense of dread.
b - a +9 vampiric broad axe (weapon)
Found the Orb of Zot.
You gain the combat prowess of a mighty hero.
You slash the Orb Guardian!
The Orb Guardian is moderately wounded.
You block the Orb Guardian's attack.
You hit the Orb Guardian but do no damage.
The Orb Guardian is lightly wounded.
You slash the Orb Guardian!
The Orb Guardian is moderately wounded.
You slash the Orb Guardian! The Orb Guardian misses you.
You slice the Orb Guardian!!
You headbutt the Orb Guardian, but do no damage.
The Orb Guardian is heavily wounded.
You barely miss the Orb Guardian. You slice the Orb Guardian!!
You block the Orb Guardian's attack. x3
You slice the Orb Guardian!! You headbutt the Orb Guardian.
The Orb Guardian is almost dead.
You closely miss the Orb Guardian. You miss the Orb Guardian.
An Orb Guardian comes into view.
You block the Orb Guardian's attack. The Orb Guardian hits you!
You block the Orb Guardian's attack.
You barely miss the Orb Guardian.
You headbutt the Orb Guardian, but do no damage.
The Orb Guardian is almost dead.
You hit the Orb Guardian but do no damage.
You hit the Orb Guardian. You block the Orb Guardian's attack. x2
The Orb Guardian hits you!
You hit the Orb Guardian but do no damage.
The Orb Guardian is almost dead.
You hit the Orb Guardian. You slice the Orb Guardian!!
You block the Orb Guardian's attack.
The Orb Guardian hits you but does no damage.
You block the Orb Guardian's attack.
You closely miss the Orb Guardian.
You headbutt the Orb Guardian, but do no damage.
The Orb Guardian is almost dead.
You slice the Orb Guardian!!
You feel better.
You slash the Orb Guardian!
The Orb Guardian hits you but does no damage.
The Orb Guardian misses you. You furiously retaliate!
You headbutt the Orb Guardian. The Orb Guardian misses you.
You hit the Orb Guardian.
You feel better.
You headbutt the Orb Guardian, but do no damage.
The Orb Guardian is almost dead.
You slash the Orb Guardian!
You feel better.
You hit the Orb Guardian but do no damage.
The Orb Guardian closely misses you. You block the Orb Guardian's attack. x2
You slice the Orb Guardian!!
You feel better.
You kill the Orb Guardian!
Okawaru accepts your kill.
You barely miss the Orb Guardian. You slice the Orb Guardian!!
You kill the Orb Guardian!
Okawaru accepts your kill. You block the Orb Guardian's attack.
You feel your intelligence returning.
You slice the Orb Guardian!!
The Orb Guardian is almost dead.
You miss the Orb Guardian. You block the Orb Guardian's attack. x2
You slice the Orb Guardian!!
You kill the Orb Guardian!
Okawaru accepts your kill.
You hit the Orb Guardian. You block the Orb Guardian's attack.
You barely miss the Orb Guardian.
The Orb Guardian is lightly wounded.
The Orb Guardian hits you.
You chop the Orb Guardian into pieces!!!
You feel better.
Your headbutt misses the Orb Guardian.
The Orb Guardian is heavily wounded.
You closely miss the Orb Guardian.
The Orb Guardian is heavily wounded.
The Orb Guardian hits you but does no damage.
You open the Orb Guardian like a pillowcase!!!
You kill the Orb Guardian!
Okawaru accepts your kill.
You slash the Orb Guardian! You block the Orb Guardian's attack.
You hit the Orb Guardian.
The Orb Guardian is lightly wounded.
You block the Orb Guardian's attack.
You barely miss the Orb Guardian.
You headbutt the Orb Guardian, but do no damage.
The Orb Guardian is lightly wounded.
You slice the Orb Guardian like a ripe choko!!!
The Orb Guardian is heavily wounded.
You hit the Orb Guardian. You block the Orb Guardian's attack. x2
You slash the Orb Guardian!
You headbutt the Orb Guardian, but do no damage.
The Orb Guardian is severely wounded.
You hit the Orb Guardian but do no damage.
The Orb Guardian hits you. The Orb Guardian completely misses you.
You furiously retaliate!
You headbutt the Orb Guardian! You slash the Orb Guardian!
You feel better.
You headbutt the Orb Guardian, but do no damage.
The Orb Guardian is severely wounded.
You closely miss the Orb Guardian. You block the Orb Guardian's attack.
The Orb Guardian hits you but does no damage.
You slash the Orb Guardian! You headbutt the Orb Guardian!
The Orb Guardian is almost dead.
You barely miss the Orb Guardian. You block the Orb Guardian's attack.
The Orb Guardian hits you but does no damage.
You barely miss the Orb Guardian. You headbutt the Orb Guardian.
You kill the Orb Guardian!
Okawaru accepts your kill.
You completely miss the Orb Guardian. You block the Orb Guardian's attack.
You hit the Orb Guardian but do no damage.
Your headbutt misses the Orb Guardian.
The Orb Guardian is lightly wounded.
You block the Orb Guardian's attack.
You barely miss the Orb Guardian. Your headbutt misses the Orb Guardian.
The Orb Guardian is lightly wounded.
You block the Orb Guardian's attack.
You barely miss the Orb Guardian. Your headbutt misses the Orb Guardian.
The Orb Guardian is lightly wounded.
You block the Orb Guardian's attack.
You slice the Orb Guardian!! You headbutt the Orb Guardian.
The Orb Guardian is heavily wounded.
The Orb Guardian hits you!!
You chop the Orb Guardian into pieces!!!
You feel better.
The Orb Guardian is almost dead.
You block the Orb Guardian's attack.
You closely miss the Orb Guardian. Your headbutt misses the Orb Guardian.
The Orb Guardian is almost dead.
The Orb Guardian closely misses you.
An Orb Guardian comes into view.
You slash the Orb Guardian!
You kill the Orb Guardian!
Okawaru accepts your kill.
You slice the Orb Guardian!! You headbutt the Orb Guardian!
The Orb Guardian is moderately wounded.
You slice the Orb Guardian!! You headbutt the Orb Guardian!
The Orb Guardian is almost dead.
You block the Orb Guardian's attack.
You slash the Orb Guardian!
You kill the Orb Guardian!
Okawaru accepts your kill.
No target in view!
You see here the Orb of Zot.
You feel yourself speed up.
You pick up the Orb of Zot!
The Orb lets out a hideous shriek!
The lords of Pandemonium are not amused.
Beware!
Now all you have to do is get back out of the dungeon!
You hear a shout!
You hear a roar!
You hear a shout!
You feel like a meek peon again.
A sun demon comes into view.
The sun demon moves out of view.
Blink to where?
Press: ? - help, Dir - move target
As you read the scroll of blinking, it crumbles to dust.
Your extra speed is starting to run out.
There is an open door here.
There is an open door here.
You feel yourself slow down.
There is a stone staircase leading up here.
You climb upwards.
There is a stone staircase leading down here.
There is an open door here.
There is a fountain of clear blue water here.
Things that are here:
a +0 cloak; a +0 long sword
There is a stone staircase leading up, spattered with blood here.
You climb upwards.
There is a stone staircase leading down here.
There is a stone staircase leading up here.
You climb upwards.
The white draconian stormcaller roars!
You block the white draconian stormcaller's attack.
There is a stone staircase leading down here.
A white draconian stormcaller is nearby!
You slash the white draconian stormcaller!
The white draconian stormcaller is lightly wounded.
The white draconian stormcaller breathes frost at you.
The blast of cold hits you. You resist.
You carve the white draconian stormcaller like a ham!!!
You headbutt the white draconian stormcaller.
The white draconian stormcaller is severely wounded.
You slash the white draconian stormcaller!
You feel better.
Your headbutt misses the white draconian stormcaller.
The white draconian stormcaller is almost dead.
The white draconian stormcaller calls down the wrath of Qazlal upon you.
Qazlal smites you!
You hit the white draconian stormcaller.
You feel better.
You headbutt the white draconian stormcaller, but do no damage.
The white draconian stormcaller is almost dead.
The white draconian stormcaller prays to Qazlal.
You slice the white draconian stormcaller!!
You feel better.
You kill the white draconian stormcaller!
Okawaru accepts your kill.
No target in view!
No target in view!
HP restored.
There is a stone staircase leading up, spattered with blood here.
Things that are here:
a +0 whip; a +0 cloak; a white draconian corpse You climb upwards.
The white draconian roars!
The black draconian roars!
The green draconian roars!
The purple draconian roars!
The purple draconian breathes dispelling energy at you.
The bolt of dispelling energy hits you but does no damage.
The red draconian scorcher breathes fire at you.
The searing blast misses you.
The white draconian breathes frost at you.
The blast of cold hits you but does no damage.
You hear a sizzling sound!
You block the purple draconian's attack.
There is a stone staircase leading down here.
There are monsters nearby!
The white draconian breathes frost at you.
The blast of cold misses you.
The purple draconian breathes dispelling energy at you.
The bolt of dispelling energy hits you but does no damage.
You block the purple draconian's attack.
The purple draconian hits you with a +0 glaive!
You hit the purple draconian.
You feel better.
The purple draconian is lightly wounded.
The purple draconian breathes dispelling energy at you.
The bolt of dispelling energy hits you but does no damage.
You closely miss the purple draconian.
The purple draconian is lightly wounded.
You slash the purple draconian!
You feel better.
You headbutt the purple draconian!
The purple draconian is moderately wounded.
You hit the green draconian but do no damage.
Your headbutt misses the green draconian.
You block the purple draconian's attack.
You slash the green draconian! You headbutt the green draconian!
The green draconian is moderately wounded.
You slash the green draconian!
The green draconian is moderately wounded.
The purple draconian completely misses you.
You block the green draconian's attack. x2
You open the green draconian like a pillowcase!!!
You headbutt the green draconian, but do no damage.
The green draconian is severely wounded.
You block the purple draconian's attack.
You block the green draconian's attack. The green draconian closely misses you.
You slice the green draconian!!
Your headbutt misses the green draconian.
The green draconian is almost dead.
You block the purple draconian's attack.
You block the green draconian's attack. x2
You hit the green draconian but do no damage.
The green draconian is almost dead.
You hit the green draconian.
The green draconian is almost dead.
You block the purple draconian's attack.
You block the green draconian's attack. x2
You slash the green draconian!
You kill the green draconian!
Okawaru accepts your kill.
You block the purple draconian's attack.
You block the white draconian's attack.
You block the purple draconian's attack.
You see here a +2 mace of protection.
You slash the purple draconian! You headbutt the purple draconian!
The purple draconian is heavily wounded.
You block the white draconian's attack.
You block the purple draconian's attack.
You slash the purple draconian! You headbutt the purple draconian!
The purple draconian is severely wounded.
You slash the purple draconian! You headbutt the purple draconian.
You kill the purple draconian!
Okawaru accepts your kill.
The white draconian breathes frost at you.
The blast of cold misses you.
You barely miss the red draconian scorcher.
Your headbutt misses the red draconian scorcher.
You block the red draconian scorcher's attack.
You block the white draconian's attack.
You slice the red draconian scorcher!!
The red draconian scorcher is moderately wounded.
A Brimstone Fiend comes into view.
You hit the red draconian scorcher.
You headbutt the red draconian scorcher, but do no damage.
The red draconian scorcher is moderately wounded.
You block the white draconian's attack.
You block the red draconian scorcher's attack.
You slash the red draconian scorcher!
Your headbutt misses the red draconian scorcher.
The red draconian scorcher is heavily wounded.
The Brimstone Fiend calls on the powers of darkness!
The white draconian convulses!
The red draconian scorcher convulses!
Your body is wracked with pain!
Your body deteriorates!
You feel clumsy.
The red draconian scorcher casts a spell at you.
The bolt of magma misses you. You block the white draconian's attack.
You are too injured to fight recklessly!
Blink to where?
Press: ? - help, Dir - move target
As you read the scroll of blinking, it crumbles to dust.
The red draconian scorcher gestures at you while chanting.
The sphere of damnation explodes!
The damnation engulfs you!!
* * * LOW HITPOINT WARNING * * *
Your body deteriorates!
You feel weakened.
Unknown command.
Unknown command.
Unknown command.
Unknown command.
Unknown command.
Unknown command.
Unknown command.
Unknown command.
Unknown command.
Unknown command.
Unknown command.
Unknown command.
There is an open gate here.
There is a gate leading back out of this place here.
You go up through the gate.
Welcome back to the Depths!
There is a gate to the Realm of Zot here.
There is a stone staircase leading up here.
You start resting.
A golden eye comes into view.
The golden eye turns its gaze towards you.
The golden eye blinks at you. You resist with almost no effort.
The golden eye blinks at you. You resist with almost no effort.
The golden eye blinks at you. You resist with almost no effort.
You slice the golden eye!!
You feel better.
You kill the golden eye!
Okawaru accepts your kill.
A golden eye comes into view.
The golden eye turns its gaze towards you.
The golden eye blinks at you. You resist with almost no effort.
The golden eye blinks at you. You resist with almost no effort.
There is a stone staircase leading up here.
You start resting.
A golden eye is nearby!
You slice the golden eye!!
You kill the golden eye!
Okawaru accepts your kill.
You climb upwards.
There is a stone staircase leading down here.
HP restored.
There is a stone staircase leading up, spattered with blood here.
You climb upwards.
There is a stone staircase leading down here.
You can't go up here!
You see here a +0 hand axe.
There is a stone staircase leading up here.
You climb upwards.
There is a stone staircase leading down here.
A Hell Sentinel comes into view.
You can't go up here!
You feel the dreadful sensation subside.
You feel stronger.
You feel magic leave you.
a - the +11 broad axe of the Original Sin (weapon)
{antimagic, rPois Will+ Str+3 Stlth-} You carve the Hell Sentinel like a ham!!!
The Hell Sentinel's magic leaks into the air.
You headbutt the Hell Sentinel, but do no damage.
The Hell Sentinel is moderately wounded.
You barely miss the Hell Sentinel.
You headbutt the Hell Sentinel, but do no damage.
The Hell Sentinel is moderately wounded.
You block the Hell Sentinel's attack.
The Hell Sentinel hits you but does no damage.
You hit the Hell Sentinel.
The Hell Sentinel's magic leaks into the air.
You headbutt the Hell Sentinel, but do no damage.
The Hell Sentinel is moderately wounded.
You block the Hell Sentinel's attack. x2
You slash the Hell Sentinel!
The Hell Sentinel's magic leaks into the air.
You headbutt the Hell Sentinel, but do no damage.
The Hell Sentinel is moderately wounded.
You slash the Hell Sentinel!
The Hell Sentinel's magic leaks into the air.
You headbutt the Hell Sentinel, but do no damage.
The Hell Sentinel is heavily wounded.
You block the Hell Sentinel's attack. x2
You slice the Hell Sentinel!!
The Hell Sentinel's magic leaks into the air.
The Hell Sentinel is severely wounded.
You block the Hell Sentinel's attack. The Hell Sentinel misses you.
You slash the Hell Sentinel!
The Hell Sentinel's magic leaks into the air.
The Hell Sentinel is severely wounded.
The Hell Sentinel gestures at you.
The sphere of damnation explodes!
The damnation engulfs you!!
Your body deteriorates!
You feel weakened.
The damnation engulfs the Hell Sentinel.
The Hell Sentinel completely resists.
You slice the Hell Sentinel!!
The Hell Sentinel's magic leaks into the air.
The Hell Sentinel is almost dead.
The Hell Sentinel falters for a moment.
You slice the Hell Sentinel!!
You kill the Hell Sentinel!
Okawaru accepts your kill.
No target in view!
No target in view!
No target in view!
(D) Dungeon (T) Temple (L) Lair (A) Shoals (P) Snake Pit (M) Slime Pits (O) Orcish Mines (E) Elven Halls (V) Vaults (C) Crypt (W) Tomb (U) Depths (H) Hell (Z) Zot
Where to? (Enter - Depths:1 @ (x,y), ? - help)
A demonspawn blood saint and a balrug come into view.
Unknown command.
Unknown command.
You feel yourself speed up.
A neqoxec and a large abomination come into view.
The neqoxec shouts!
The demonspawn blood saint conjures a destructive force in the name of Makhleb!
The fireball explodes!
The fireball engulfs you. You resist.
The ghostly flame explodes!
The ghostly fireball engulfs you but does no damage.
You partially resist.
There is a staircase back to the Dungeon here.
You climb upwards.
Welcome back to the Dungeon!
Your extra speed is starting to run out.
There is a staircase to the Depths here.
Things that are here:
a +0 robe; a +0 dagger You feel yourself slow down.
Things that are here:
a +0 plate armour; a +0 halberd
Things that are here:
a +0 giant spiked club; a +0 arbalest You see here a +0 arbalest.
A hell beast comes into view.
Unknown command.
The hell beast attacks as you move away!
You block the hell beast's attack. The hell beast completely misses you.
There is a stone staircase leading up here.
You climb upwards.
There is a stone staircase leading down here.
There is an open door here.
There is an open door here.
There is a stone staircase leading up here.
You climb upwards.
There is a stone staircase leading down here.
Things that are here:
a +0 shortbow; a +0 shortbow
There is a stone staircase leading up, spattered with blood here.
You climb upwards.
There is a stone staircase leading down here.
There is an open door here.
There is a stone staircase leading up here.
You climb upwards.
There is a stone staircase leading down here.
A smoke demon comes into view.
You can't go up here!
The smoke demon gestures at you. The ball of steam misses you.
The smoke demon gestures at you. The ball of steam misses you.
There is a stone staircase leading up, spattered with blood here.
The smoke demon gestures at you. Something smites you!
You climb upwards.
There is a stone staircase leading down here. 2 hell hogs come into view.
The hell hog squeals angrily.
The hell hog moves out of view.
The hell hog breathes fire at you.
The fireball explodes!
The fireball engulfs you. You resist.
You hear an angry squeal. x3
An Orb Guardian comes into view.
The hell hog breathes fire at you.
The fireball explodes!
The fireball engulfs you but does no damage.
There is a stone staircase leading up here.
You block the Orb Guardian's attack.
You climb upwards.
There is a stone staircase leading down here.
You hit the Orb Guardian. You headbutt the Orb Guardian.
The Orb Guardian is lightly wounded.
You block the Orb Guardian's attack.
You slash the Orb Guardian!
You headbutt the Orb Guardian, but do no damage.
The Orb Guardian is lightly wounded.
You block the Orb Guardian's attack.
You hit the Orb Guardian. Your headbutt misses the Orb Guardian.
The Orb Guardian is moderately wounded.
The Orb Guardian hits you but does no damage.
You closely miss the Orb Guardian.
The Orb Guardian is moderately wounded.
The Orb Guardian hits you but does no damage.
You miss the Orb Guardian. Your headbutt misses the Orb Guardian.
The Orb Guardian is lightly wounded.
The Orb Guardian hits you but does no damage.
You slice the Orb Guardian!! You headbutt the Orb Guardian!
The Orb Guardian is severely wounded.
You block the Orb Guardian's attack.
You slash the Orb Guardian! You headbutt the Orb Guardian!
You kill the Orb Guardian!
Okawaru accepts your kill.
No target in view!
No target in view!
Unknown command.
There is a stone staircase leading up here.
You climb upwards.
There is a stone staircase leading down here.
There is a stone staircase leading up here.
You climb upwards.
There is a stone staircase leading down here.
There is an open door here.
There is an open door here.
There is a stone staircase leading up here.
You climb upwards.
There is a stone staircase leading down here.
A green death comes into view.
You can't go up here!
Really quaff the potion of attraction? [Y]es or [N]o only, please.
Really quaff the potion of attraction?
You feel attractive to monsters.
The green death is attracted toward you.
The green death is attracted toward you.
You slice the green death!!
The green death's magic leaks into the air.
You headbutt the green death!
The green death is severely wounded.
You slash the green death!
The green death's magic leaks into the air.
The green death is almost dead.
The green death hits you but does no damage.
You slice the green death!!
You kill the green death!
Okawaru accepts your kill.
No target in view!
The hellwing is attracted toward you.
A hellwing comes into view.
You can't go up here!
You carve the hellwing like a ham!!!
The hellwing is severely wounded.
You slash the hellwing!
The hellwing is almost dead.
You slash the hellwing!
You kill the hellwing!
Okawaru accepts your kill.
No target in view!
(D) Dungeon (T) Temple (L) Lair (A) Shoals (P) Snake Pit (M) Slime Pits (O) Orcish Mines (E) Elven Halls (V) Vaults (C) Crypt (W) Tomb (U) Depths (H) Hell (Z) Zot
Where to? (Enter - D:6 @ (x,y), ? - help)
There is a stone staircase leading up here.
You climb upwards.
There is a stone staircase leading down here.
(D) Dungeon (T) Temple (L) Lair (A) Shoals (P) Snake Pit (M) Slime Pits (O) Orcish Mines (E) Elven Halls (V) Vaults (C) Crypt (W) Tomb (U) Depths (H) Hell (Z) Zot
Where to? (Enter - D:5, ? - help)
There is an open door here.
You feel less attractive to monsters.
There is an open door here.
There is a stone staircase leading up here.
You climb upwards.
There is a stone staircase leading down here.
(D) Dungeon (T) Temple (L) Lair (A) Shoals (P) Snake Pit (M) Slime Pits (O) Orcish Mines (E) Elven Halls (V) Vaults (C) Crypt (W) Tomb (U) Depths (H) Hell (Z) Zot
Where to? (Enter - D:4, ? - help)
There is a stone staircase leading up here.
You climb upwards.
There is a stone staircase leading down here.
(D) Dungeon (T) Temple (L) Lair (A) Shoals (P) Snake Pit (M) Slime Pits (O) Orcish Mines (E) Elven Halls (V) Vaults (C) Crypt (W) Tomb (U) Depths (H) Hell (Z) Zot
Where to? (Enter - D:3, ? - help)
You see here a +0 club.
A Viero, an orange demon and a large abomination come into view.
Press: ? - help, v - describe, . - travel
Here: Viero The floor.
Unknown command.
Unknown command.
Unknown command.
You feel yourself speed up.
The orange demon screeches!
You feel very mighty all of a sudden.
You gain the combat prowess of a mighty hero.
You slice Viero like a ripe choko!!!
Viero's magic leaks into the air.
You headbutt Viero!!
Viero is moderately wounded.
You slice the large abomination!!
You block the large abomination's attack.
You hit Viero but do no damage. You headbutt Viero, but do no damage.
Viero is moderately wounded.
You slash the large abomination!
You destroy the large abomination!
Okawaru accepts your kill. You block Viero's attack.
You block the orange demon's attack.
You slash Viero!
Viero's magic leaks into the air.
You headbutt Viero, but do no damage.
Viero is heavily wounded.
Viero hits you but does no damage.
You slice Viero!!
Viero's magic leaks into the air.
You headbutt Viero!!
Viero is severely wounded.
You block the orange demon's attack.
You slash Viero!
Viero's magic leaks into the air.
You headbutt Viero!
Viero is almost dead.
You block Viero's attack.
You barely miss Viero. You headbutt Viero.
Viero is almost dead.
You block Viero's attack.
The orange demon stings you but does no damage.
You chop Viero into pieces!!!
You kill Viero!
Okawaru accepts your kill.
You feel your dexterity returning. You block the orange demon's attack.
The orange demon completely misses you.
A reaper comes into view. It is wielding a +2 scythe of flaming.
You slice the orange demon!! Your headbutt misses the orange demon.
The orange demon is severely wounded.
You carve the orange demon like a ham!!!
You kill the orange demon!
Okawaru accepts your kill.
A reaper is nearby!
Unknown command.
The reaper hits you with a +2 scythe of flaming.
You chop the reaper into pieces!!!
The reaper is severely wounded.
You slice the reaper!!
You kill the reaper!
Okawaru accepts your kill.
No target in view!
No target in view!
(D) Dungeon (T) Temple (L) Lair (A) Shoals (P) Snake Pit (M) Slime Pits (O) Orcish Mines (E) Elven Halls (V) Vaults (C) Crypt (W) Tomb (U) Depths (H) Hell (Z) Zot
Where to? (Enter - D:3 @ (x,y), ? - help) HP restored.
You see here a +0 chain mail.
There is a stone staircase leading up here.
You climb upwards.
There is a stone staircase leading down here.
There is a stone staircase leading up here.
You climb upwards.
There is a stone staircase leading down here.
Your extra speed is starting to run out.
You feel yourself slow down.
There is a staircase leading out of the dungeon here.
You have escaped!

########## ## #........# #. ####
########.######.# #.
...######.#≈≈≈≈♣~♣≈≈≈##.## #.
..........#≈..♣...P.≈##..# #.
.......##.#≈.♣♣♣.PPP≈###.# #.
........#.#≈..♣...P.≈# #.## #.
........#.#♣♣.......♣###..# #.
...#.##.#.......@...~..##.# ##
..........#♣♣.......♣#..#.#######
.###.#)...#≈......P.≈#..........#
.# #.###..#≈.....PPP≈#..........#
.# #.# #..#≈......P.≈#..........#
.###.# #..#≈≈≈≈♣.♣≈≈≈#..........#
...#.###..######.#####...........
.......#...##.#..# #>.........#
.##.##........#.######..........#


There were no monsters in sight!

Vanquished Creatures
  the Royal Jelly (Slime:5)
  A dread lich (Zot:5)
  5 ancient liches
  4 orbs of fire
  Mennas (Crypt:1)
  2 juggernauts
  Vv (Depths:4)
  Parghit (Zot:1)
  4 Killer Klowns
  Saint Roka (Crypt:3)
  Bai Suzhen (Elf:3)
  4 curse toes
  Xtahua (Depths:3)
  A caustic shrike (Depths:3)
  Nikola (Vaults:2)
  9 golden dragons
  A bone dragon (Depths:4)
  5 electric golems
  A pandemonium lord (D:3)
  21 tentacled monstrosities
  A moon troll (WizLab)
  2 liches
  A Hell Sentinel (Depths:1)
  3 titans (Vaults:5)
  Rupert (Lair:3)
  2 quicksilver dragons
  A walking frostbound tome (Depths:3)
  2 deep elf master archers (Elf:3)
  22 Orb Guardians
  Zenata (Elf:2)
  2 deep elf blademasters (Elf:3)
  A walking divine tome (Depths:2)
  16 death cobs
  2 krakens
  Polyphemus (Shoals:4)
  12 acid blobs
  4 sphinxes
  8 tentacled starspawn (WizLab)
  5 ancient champions
  Kirke (Shoals:1)
  11 storm dragons
  3 tengu reavers
  7 shadow dragons
  7 draconian monks
  5 nagarajas
  Roxanne (Snake:1)
  5 rockslimes (Slime:5)
  4 revenants
  5 frost giants
  3 iron dragons
  7 azure jellies (Slime:5)
  9 deep elf sorcerers
  An orc warlord (Orc:2)
  3 draconian scorchers (Zot:3)
  12 fire giants
  2 ghost moths
  9 draconian knights
  13 vault wardens
  A caustic shrike zombie (Crypt:1)
  Louise (D:15)
  A juggernaut zombie (Depths:2)
  4 curse skulls
  6 draconian stormcallers
  2 angels (Vaults:4)
  3 imperial myrmidons (Desolation)
  A cacodemon (WizLab)
  5 deep elf elementalists
  8 draconian shifters
  5 draconian annihilators
  4 reapers
  2 war gargoyles
  A ghoul (Elf:1)
  18 stone giants
  20 ironbound preservers
  30 very ugly things
  2 spriggan defenders
  5 vampire knights
  5 quicksilver oozes (Slime:5)
  10 black draconians
  10 ironbound thunderhulks
  12 green draconians
  2 entropy weavers
  4 deep elf annihilators
  2 halazid warlocks (Desolation)
  4 deep elf demonologists
  An entropy weaver (shapeshifter) (Vaults:5)
  9 purple draconians
  A spectral titan (Crypt:3)
  7 dire elephants (Vaults:1)
  5 white draconians
  17 red draconians
  10 yellow draconians
  2 crystal guardians
  An acid blob zombie (Crypt:2)
  3 spark wasps
  A green death (D:6)
  5 merfolk javelineers (Shoals:4)
  14 ettins
  10 deep elf death magi
  3 blizzard demons
  9 eidola (Crypt:3)
  11 jiangshi
  10 merfolk impalers
  3 spectral quicksilver dragons (Crypt:3)
  5 fire dragons
  Josephine (Lair:5)
  4 deep elf high priests
  3 spectral spriggans (Crypt:3)
  22 great orbs of eyes
  4 ragged hierophants (Desolation)
  15 yaktaur captains
  4 hydras
  11 ice dragons
  10 peacekeepers
  6 rakshasas
  Fannar (Lair:3)
  A quicksilver dragon skeleton (Depths:2)
  36 vault guards
  A caustic shrike simulacrum (Crypt:3)
  A spectral shadow dragon (Crypt:3)
  8 boulder beetles
  4 merfolk aquamancers
  2 salamander tyrants (Snake:4)
  7 servants of whispers (Desolation)
  6 spriggan air magi
  18 anacondas
  10 two-headed ogres
  A spectral stone giant (Crypt:3)
  7 catoblepae
  2 ogre magi
  2 alligator snapping turtles
  3 death knights
  15 naga warriors
  8 centaur warriors
  A merfolk avatar (Shoals:4)
  14 ironbound frosthearts
  16 dancing weapons
  9 deep troll shamans
  A two-headed ogre (shapeshifter) (Vaults:5)
  7 vampire magi
  8 tengu warriors
  6 deep troll earth magi
  2 spriggan berserkers
  7 satyrs
  11 death yaks
  5 spectral storm dragons (Crypt:3)
  A shock serpent (Snake:1)
  4 spriggans
  A titan zombie (Depths:2)
  16 deep elf knights
  11 naga sharpshooters
  6 orc high priests
  A hell knight (Depths:3)
  A spectral bunyip (Crypt:3)
  3 iron trolls
  3 salamander mystics
  12 sea snakes
  2 wretched stars (WizLab)
  8 flayed ghosts
  A golden dragon zombie (Depths:2)
  A bunyip zombie (Crypt:3)
  26 skeletal warriors
  A kraken simulacrum (Shoals:4)
  7 shadow wraiths
  A sea snake (shapeshifter) (Vaults:5)
  7 spriggan simulacra
  9 glowing orange brains
  An obsidian statue (IceCv)
  A deep troll (shapeshifter) (Vaults:5)
  An orange crystal statue (WizLab)
  6 naga ritualists
  23 ironbound convokers
  11 harpies
  77 deep trolls
  5 orc knights
  22 deep elf pyromancers
  22 phantasmal warriors
  15 deep elf archers
  6 orc sorcerers
  34 deep elf zephyrmancers
  A sphinx zombie (Crypt:1)
  6 mana vipers
  7 necromancers
  4 wizards
  A wolf spider (shapeshifter) (Vaults:4)
  11 lindwurms
  46 ugly things
  25 manticores
  4 shining eyes
  A wolf spider (Vaults:5)
  6 cyclopes
  11 salamanders
  32 moths of wrath
  A cyclops (shapeshifter) (Depths:4)
  17 fauns
  A fire giant zombie (Depths:2)
  2 spectral centaurs (Crypt:3)
  12 merfolk sirens
  20 elephants
  2 moths of wrath (shapeshifter) (Vaults:5)
  30 black mambas
  13 water nymphs
  15 guardian serpents
  17 naga magi
  A rust devil (Depths:1)
  A dire elephant zombie (Crypt:3)
  26 vault sentinels
  7 eyes of devastation
  A smoke demon (Depths:1)
  2 orange demons
  A dire elephant skeleton (Crypt:2)
  4 spectral elves (Elf:1)
  Maggie (D:9)
  A molten gargoyle (Desolation)
  The ghost of mantisjm the Grave Robber, a novice VSNe of Nemelex Xobeh (D:6)
  10 cane toads
  A gargoyle (D:13)
  A human zombie (Vaults:1)
  A rime drake (Lair:5)
  3 unseen horrors
  A bunyip simulacrum (Crypt:3)
  16 yaktaurs
  A yaktaur (shapeshifter) (Depths:3)
  11 komodo dragons
  A rime drake (shapeshifter) (Elf:3)
  19 freezing wraiths
  3 kobold demonologists
  11 ice devils
  5 tengu conjurers
  An unseen horror skeleton (Crypt:3)
  2 hellwings
  3 spectral harpies (Crypt:3)
  A polar bear (shapeshifter) (D:14)
  A golden dragon simulacrum (Crypt:3)
  36 merfolk
  2 red devils
  A pale draconian skeleton (Crypt:1)
  A purple draconian skeleton (Crypt:1)
  A guardian mummy (Zot:1)
  10 trolls
  A tengu simulacrum (Vaults:1)
  A grey draconian skeleton (Crypt:1)
  13 snapping turtles
  A harpy skeleton (Crypt:3)
  70 slime creatures
  A blink frog (shapeshifter) (Elf:3)
  2 alligator zombies
  5 hornets
  11 wind drakes
  8 blink frogs
  An ice dragon zombie (Crypt:2)
  52 saltlings (Desolation)
  7 dream sheep (Lair:5)
  15 flying skulls
  Sigmund (D:4)
  An air elemental (D:13)
  3 shadows
  3 centaur simulacra
  17 water elementals
  A spriggan (shapeshifter) (D:15)
  76 yaks
  2 dire elephant simulacra (IceCv)
  An ice dragon skeleton (Crypt:3)
  2 vampires
  13 wraiths
  Grum (D:9)
  7 hogs (Shoals:1)
  4 fire bats (Depths:3)
  3 wyverns
  5 fire elementals
  9 golden eyes
  11 basilisks
  2 steam dragons
  A neqoxec (WizLab)
  A redback (Vaults:2)
  6 vampire mosquitoes
  8 minotaur simulacra (IceCv)
  3 harpy simulacra (IceCv)
  4 wargs
  8 water moccasins
  A faun zombie (Crypt:1)
  32 nagas
  2 hydra simulacra
  An acid dragon (D:10)
  A floating eye (Depths:3)
  A two-headed ogre skeleton (Crypt:2)
  A water nymph skeleton (Crypt:3)
  A floating eye (shapeshifter) (Vaults:5)
  51 orc warriors
  Duvessa (D:4)
  2 black bears
  A large abomination (D:3)
  An ettin simulacrum (IceCv)
  An ice beast (D:7)
  2 sky beasts
  A sky beast (shapeshifter) (Elf:1)
  An alligator simulacrum (IceCv)
  16 ogres
  A centaur (shapeshifter) (D:15)
  14 centaurs
  A small abomination (D:6)
  A swamp dragon skeleton (Crypt:3)
  12 wolves
  A human skeleton (Vaults:1)
  2 elf simulacra (Elf:1)
  A phantom (D:6)
  3 kobold brigands
  6 earth elementals
  6 deep troll simulacra (IceCv)
  10 bullfrogs
  A gnoll sergeant (D:12)
  6 scorpions
  A salamander skeleton (Crypt:3)
  A necrophage (D:6)
  An elf skeleton (Crypt:3)
  A water moccasin zombie (Crypt:2)
  A wyvern skeleton (Crypt:1)
  Dowan (D:4)
  8 wights
  A cyclops skeleton (Crypt:2)
  5 killer bees (D:8)
  A troll zombie (Crypt:2)
  A lindwurm simulacrum (IceCv)
  3 electric eels
  7 howler monkeys
  4 crimson imps (D:10)
  A quasit (D:6)
  A jelly (D:6)
  34 orc priests
  4 hounds
  An iguana (D:6)
  17 orc wizards
  An acid dragon skeleton (Crypt:1)
  A boggart simulacrum (D:11)
  8 adders
  14 gnolls
  A river rat (Sewer)
  A shadow imp (D:10)
  A steam dragon skeleton (Crypt:1)
  4 white imps (D:10)
  An ufetubus (D:5)
  2 worms (D:2)
  A dart slug (D:2)
  98 orcs
  8 ball pythons
  4 bats
  4 endoplasms
  6 giant cockroaches
  6 hobgoblins
  8 jackals
  5 quokkas
  A ball python zombie (Crypt:3)
  7 frilled lizards
  6 goblins
  13 kobolds
  13 rats
  12 starspawn tentacles (WizLab)
  2 tentacles
2561 creatures vanquished.

Vanquished Creatures (others)
  A ghost moth (Zot:3)
  A merfolk aquamancer (Shoals:4)
  A catoblepas (Shoals:4)
  A satyr (Shoals:4)
  2 deep elf knights (Elf:1)
  A bog body (IceCv)
  A deep elf zephyrmancer (Elf:1)
  2 manticores
  A moth of wrath (Zot:3)
  A water nymph (Shoals:4)
  A slime creature (Slime:5)
  A water elemental (D:13)
  An orc (Orc:2)
  A demonic plant (WizLab)
  21 fungi
  2 lost souls (Elf:1)
  93 plants
  19 starspawn tentacles (WizLab)
  10 tentacles
  5 toadstools (D:1)
166 creatures vanquished.

Grand Total: 2727 creatures vanquished

Notes
Turn   | Place    | Note
-------+----------+-------------------------------------------
     0 | D:1      | sleeves the Minotaur Enchanter began the quest for the Orb.
     0 | D:1      | Reached XP level 1. HP: 14/14 MP: 1/1
    91 | D:1      | Found a faded altar of an unknown god.
   134 | D:1      | Reached skill level 1 in Fighting
   134 | D:1      | Reached skill level 1 in Armour
   434 | D:1      | Reached XP level 2. HP: 23/23 MP: 3/3
   711 | D:2      | HP: 11/23 [frozen (2)]
   908 | D:2      | Reached skill level 2 in Fighting
   908 | D:2      | Reached skill level 2 in Armour
   935 | D:2      | Reached skill level 1 in Shields
   935 | D:2      | Reached XP level 3. HP: 29/29 MP: 4/4
  1087 | D:2      | Identified the +2 scale mail of Ijilerem {Fly Dex+3 Stlth-}
  1205 | D:2      | sleeves: !polytheist
  1205 | D:2      | beem: Unwon gods for sleeves: Fedhas, Ignis, Kikubaaqudgha,
                  | Nemelex Xobeh, Qazlal, Wu Jian
  1434 | D:2      | Reached XP level 4. HP: 37/37 MP: 5/5
  1466 | D:2      | Reached skill level 2 in Shields
  2013 | D:2      | Reached skill level 3 in Fighting
  2013 | D:2      | Reached skill level 3 in Armour
  2049 | D:3      | Reached XP level 5. HP: 45/45 MP: 6/6
  2054 | D:3      | Found Jarikira's Antique Weapon Shop.
  2175 | D:3      | Identified the +10 trident "Vizxyera" {flame, Int+4}
  2445 | D:3      | Found Lofez's Assorted Antiques.
  2471 | D:3      | Found Cueb's Weapon Boutique.
  2479 | D:3      | Found Viegeduo's General Store.
  2519 | D:3      | Found Longurph's General Store.
  2557 | D:3      | Reached skill level 1 in Axes
  2881 | D:4      | Noticed Sigmund
  2889 | D:4      | Killed Sigmund
  2890 | D:4      | Reached skill level 4 in Axes
  2890 | D:4      | Reached XP level 6. HP: 51/51 MP: 7/7
  2930 | D:4      | Found a glowing drain.
  2948 | Sewer    | Entered a sewer
  2979 | Sewer    | Reached skill level 5 in Axes
  3520 | D:4      | Found an iron altar of Okawaru.
  3521 | D:4      | Noticed Duvessa
  3522 | D:4      | Noticed Dowan
  3534 | D:4      | Killed Duvessa
  3535 | D:4      | Reached skill level 6 in Axes
  3535 | D:4      | Reached XP level 7. HP: 53/57 MP: 8/8
  3537 | D:4      | HP: 23/57 [Dowan/stone arrow (19)]
  3541 | D:4      | Killed Dowan
  3590 | D:4      | Became a worshipper of Warmaster Okawaru
  3654 | D:5      | Entered Level 5 of the Dungeon
  3660 | D:5      | Reached skill level 7 in Axes
  3731 | D:5      | Reached skill level 1 in Invocations
  3832 | D:5      | Reached skill level 2 in Invocations
  4067 | D:5      | Reached skill level 8 in Axes
  4067 | D:5      | Reached skill level 3 in Invocations
  4067 | D:5      | Reached XP level 8. HP: 50/63 MP: 9/9
  4105 | D:5      | Reached * piety under Okawaru
  4359 | D:6      | Found a transporter.
  4382 | D:6      | Reached skill level 4 in Invocations
  4475 | D:6      | Reached skill level 9 in Axes
  4532 | D:6      | Found a transporter.
  4549 | D:6      | Found a one-way gate to the infinite horrors of the Abyss.
  4549 | D:6      | Noticed mantisjm's ghost (novice VSNe)
  4606 | D:6      | Reached skill level 5 in Invocations
  4614 | D:6      | Reached ** piety under Okawaru
  4797 | D:6      | Noticed a red devil
  4807 | D:6      | Found an ornate altar of the Wu Jian Council.
  4807 | D:6      | Found a stormy altar of Qazlal.
  4877 | D:6      | Found a staircase to the Ecumenical Temple.
  5613 | D:6      | Killed mantisjm's ghost
  5614 | D:6      | Reached skill level 10 in Axes
  5614 | D:6      | Reached skill level 6 in Invocations
  5614 | D:6      | Reached XP level 9. HP: 70/70 MP: 12/12
  5633 | D:6      | Killed a red devil
  5664 | D:6      | Got Lugonu's Compendium of Direction
  5803 | D:7      | Reached skill level 11 in Axes
  5803 | D:7      | Reached skill level 7 in Invocations
  6039 | D:7      | Identified the +10 quarterstaff "Posiseen" {protect, rElec
                  | rPois Str+3}
  6441 | D:8      | Reached *** piety under Okawaru
  6729 | D:8      | Reached skill level 8 in Invocations
  6811 | D:8      | Reached skill level 12 in Axes
  6906 | D:8      | Noticed a komodo dragon
  6909 | D:8      | Found a staircase to the Lair.
  6920 | D:8      | Killed a komodo dragon
  6921 | D:8      | Reached XP level 10. HP: 43/77 MP: 12/15
  7302 | D:8      | Reached **** piety under Okawaru
  7303 | D:8      | HP: 36/77 [orc warrior/+0 scimitar (12)]
  7306 | D:8      | HP: 8/77 [orc warrior/+0 scimitar (13)]
  7468 | D:9      | Noticed Maggie
  7472 | D:9      | Reached skill level 1 in Ranged Weapons
  7482 | D:9      | Reached skill level 4 in Armour
  7483 | D:9      | Reached skill level 4 in Fighting
  7494 | D:9      | Killed Maggie
  7495 | D:9      | Reached skill level 2 in Ranged Weapons
  7495 | D:9      | Reached skill level 3 in Dodging
  7529 | D:9      | Noticed a two-headed ogre
  7537 | D:9      | Killed a two-headed ogre
  7538 | D:9      | Reached skill level 9 in Invocations
  7600 | D:9      | Found the amulet of Elemental Vulnerability {rPois rF--
                  | rC-- AC+8}
  7614 | D:9      | Reached skill level 4 in Dodging
  7614 | D:9      | Noticed Grum
  7627 | D:9      | Killed Grum
  7632 | D:9      | Reached skill level 3 in Ranged Weapons
  7749 | D:9      | Found a white marble altar of Elyvilon.
  7757 | D:9      | Reached skill level 5 in Fighting
  7757 | D:9      | Reached skill level 5 in Armour
  7890 | D:9      | Reached ***** piety under Okawaru
  7901 | D:9      | Reached skill level 13 in Axes
  8310 | D:10     | Entered Level 10 of the Dungeon
  8310 | D:10     | You fall into a shaft and drop 3 floors!
  8338 | D:13     | Noticed a catoblepas
  8348 | D:13     | Killed a catoblepas
  8369 | D:13     | Noticed a deep elf pyromancer
  8395 | D:11     | Identified the +4 scale mail of the Wasteland {rC+ rN++
                  | Will-}
  8408 | D:11     | Reached skill level 5 in Dodging
  8408 | D:11     | Reached XP level 11. HP: 89/89 MP: 16/16
  8479 | D:11     | Reached skill level 4 in Ranged Weapons
  8499 | D:11     | Reached skill level 6 in Armour
  8502 | D:11     | Reached skill level 6 in Fighting
  8717 | D:10     | Noticed a sun demon
  8772 | D:10     | Identified the +0 buckler of Impressiveness {god gift, rF+
                  | Str-4 Stlth+} (Okawaru gifted it to you on level 10 of the
                  | Dungeon)
  8772 | D:10     | Received a gift from Okawaru
  8867 | D:10     | Found Nisunuph's Weapon Shoppe.
  8974 | D:10     | Reached skill level 5 in Ranged Weapons
  9199 | D:10     | Reached skill level 6 in Dodging
  9783 | D:3      | Bought the +11 broad axe of the Original Sin {antimagic,
                  | rPois Will+ Str+3 Stlth-} for 975 gold pieces
  9943 | D:11     | Noticed a boulder beetle
  9949 | D:11     | HP: 39/91 [boulder beetle (23)]
  9952 | D:11     | HP: 17/91 [boulder beetle (15)]
  9956 | D:11     | Killed a boulder beetle
  9957 | D:11     | Reached skill level 7 in Fighting
  9957 | D:11     | Reached skill level 7 in Armour
 10071 | Lair:1   | Entered Level 1 of the Lair of Beasts
 10124 | Lair:1   | Identified the +1 cloak of the Illusory Xenops {Harm rF-
                  | Int-5 SInv}
 10237 | Lair:1   | Reached skill level 6 in Ranged Weapons
 10238 | Lair:1   | HP: 46/92 [basilisk (8)]
 10436 | Lair:1   | Reached skill level 14 in Axes
 10443 | Lair:1   | Reached skill level 7 in Dodging
 10444 | Lair:1   | Reached XP level 12. HP: 74/101 MP: 5/17
 10917 | Lair:1   | Reached ****** piety under Okawaru
 10918 | Lair:1   | Reached skill level 8 in Fighting
 11424 | Lair:2   | Reached skill level 3 in Shields
 11490 | Lair:2   | Received a gift from Okawaru
 11491 | Lair:2   | Reached skill level 1 in Throwing
 11685 | Lair:2   | Found a staircase to the Snake Pit.
 11702 | Lair:2   | HP: 41/101 [naga/+0 dire flail (18)]
 11806 | Lair:2   | Found a runed translucent door.
 11809 | Lair:2   | Identified the +11 spear of the Grinning Fool {freeze, rN+}
 11809 | Lair:2   | Noticed turdburglar's ghost (journeyman HOFi)
 12045 | Lair:2   | Reached skill level 4 in Shields
 12068 | Lair:2   | Reached skill level 2 in Throwing
 12110 | Lair:2   | Identified the +0 ring mail "Derem" {god gift, rN+ Dex-2
                  | Slay+2} (Okawaru gifted it to you on level 2 of the Lair of
                  | Beasts)
 12110 | Lair:2   | Received a gift from Okawaru
 12641 | Lair:3   | Reached skill level 3 in Throwing
 12644 | Lair:3   | Reached skill level 5 in Shields
 12969 | Lair:3   | Noticed a catoblepas
 12982 | Lair:3   | Killed a catoblepas
 13020 | Lair:3   | Noticed Fannar
 13032 | Lair:3   | Killed Fannar
 13033 | Lair:3   | Reached skill level 15 in Axes
 13033 | Lair:3   | Reached skill level 4 in Throwing
 13033 | Lair:3   | Reached skill level 6 in Shields
 13292 | Lair:3   | Found a staircase to the Shoals.
 13311 | Lair:3   | Reached skill level 5 in Throwing
 13312 | Lair:3   | HP: 40/101 [manticore (15)]
 13316 | Lair:3   | Reached skill level 7 in Shields
 13510 | Lair:4   | Noticed a catoblepas
 13516 | Lair:4   | Noticed a death yak
 13519 | Lair:4   | Identified the +2 pair of boots of Ireumaxo {god gift,
                  | rElec rC+++ MP+9 Str-2} (Okawaru gifted it to you on level
                  | 4 of the Lair of Beasts)
 13519 | Lair:4   | Received a gift from Okawaru
 13527 | Lair:4   | Killed a catoblepas
 13528 | Lair:4   | Reached XP level 13. HP: 54/107 MP: 4/18
 13672 | Lair:4   | Reached skill level 6 in Throwing
 13672 | Lair:4   | Reached skill level 8 in Shields
 13846 | Lair:4   | Reached skill level 16 in Axes
 14361 | Lair:5   | Entered Level 5 of the Lair of Beasts
 14361 | Lair:5   | Noticed Rupert
 14362 | Lair:5   | Paralysed by Rupert for 5 turns
 14389 | Lair:3   | HP: 22/107 [Rupert/+3 great sword of freezing (33)]
 14390 | Lair:3   | Killed Rupert
 14391 | Lair:3   | Reached skill level 7 in Throwing
 14391 | Lair:3   | Reached skill level 9 in Shields
 15081 | Lair:5   | Received a gift from Okawaru
 15163 | Lair:5   | Noticed Josephine
 15171 | Lair:5   | Killed Josephine
 15172 | Lair:5   | Reached skill level 10 in Shields
 15201 | Lair:5   | Reached skill level 8 in Throwing
 15480 | Lair:5   | Found a staircase to the Slime Pits.
 15480 | Lair:5   | Found a viscous altar of Jiyva.
 15585 | Lair:5   | Reached skill level 17 in Axes
 16039 | Lair:5   | Reached XP level 14. HP: 107/115 MP: 9/19
 16347 | Lair:5   | Received a gift from Okawaru
 16348 | Lair:5   | Reached skill level 11 in Shields
 16355 | Lair:5   | HP: 54/115 [yak (9)]
 16362 | Lair:5   | HP: 49/115 [yak (6)]
 16661 | Lair:5   | Reached skill level 9 in Throwing
 16671 | Lair:5   | HP: 49/115 [death yak (19)]
 16673 | Lair:5   | HP: 22/115 [death yak (3)]
 17369 | Lair:5   | Identified the +9 hand axe "Taesoedgh" {elec, MP+9 Int+5}
 17808 | D:11     | Received a gift from Okawaru
 17992 | D:11     | Reached skill level 12 in Shields
 18307 | D:11     | Reached skill level 10 in Throwing
 18316 | D:11     | Reached skill level 18 in Axes
 18329 | D:11     | HP: 49/115 [fire dragon/blast of flame (37)]
 18335 | D:11     | HP: 45/115 [fire dragon/blast of flame (6)]
 19309 | D:12     | Reached skill level 8 in Armour
 19316 | D:12     | Reached skill level 13 in Shields
 19396 | D:12     | Found a staircase to the Orcish Mines.
 19396 | D:12     | Found Boeqeekk's Weapon Emporium.
 19399 | D:12     | Received a gift from Okawaru
 19694 | Orc:1    | Entered Level 1 of the Orcish Mines
 19704 | Orc:1    | HP: 34/115 [ettin/+0 dire flail (36)]
 20158 | Orc:2    | Entered Level 2 of the Orcish Mines
 20241 | Orc:2    | Received a gift from Okawaru
 20378 | Orc:1    | Found Yrhuor's Book Shoppe.
 20413 | Orc:1    | Paralysed by an orc sorcerer for 4 turns
 20993 | Orc:2    | Received a gift from Okawaru
 21039 | Orc:2    | Found Yrer's Antique Armour Emporium.
 21057 | Orc:2    | Found Nooss's Antique Weapon Shoppe.
 21142 | Orc:2    | Reached XP level 15. HP: 117/123 MP: 9/20
 21229 | Orc:2    | Reached skill level 11 in Throwing
 21659 | Orc:2    | Reached skill level 8 in Dodging
 22012 | Orc:2    | Found a staircase to the Elven Halls.
 22059 | Orc:2    | Paralysed by an orc sorcerer for 3 turns
 22072 | Orc:2    | Identified the amulet "Wekkyc" {Faith rElec Dex+3}
 22313 | Orc:2    | Reached skill level 9 in Fighting
 22366 | Orc:2    | Reached skill level 9 in Armour
 22535 | Orc:2    | Noticed an orc warlord
 22554 | Orc:2    | HP: 51/123 [orc warrior/+0 battleaxe[an orc warlord] (20)]
 22576 | Orc:2    | HP: 46/124 [orc priest/divine providence (12)]
 22583 | Orc:2    | HP: 38/124 [orc priest/divine providence (10)]
 22940 | Orc:2    | Killed an orc warlord
 22940 | Orc:2    | Received a gift from Okawaru
 23222 | Orc:2    | Found Boxtargh's Magic Scroll Shop.
 23405 | Orc:2    | Received a gift from Okawaru
 23602 | Orc:2    | Found Loutemoa's Book Emporium.
 23776 | Orc:2    | Bought a scroll of identify for 30 gold pieces
 23776 | Orc:2    | Bought a scroll of identify for 30 gold pieces
 23776 | Orc:2    | Bought a scroll of enchant armour for 112 gold pieces
 23776 | Orc:2    | Bought a scroll of enchant weapon for 112 gold pieces
 23776 | Orc:2    | Bought a scroll of identify for 30 gold pieces
 24047 | D:13     | Found a portal to a secret trove of treasure.
 24057 | Trove    | Entered a treasure trove
 24079 | Trove    | Identified the amulet "Cafom" {Reflect Fragile rPois Str+7
                  | SH+5}
 24117 | Trove    | Identified the ring of Eribum {rPois MP+9 Slay+2}
 24120 | Trove    | Identified the ring "Taf Fudo" {Will+ MP+9 Dex+4}
 24299 | D:13     | Found a large runed translucent door.
 24299 | D:13     | Found a large runed translucent door.
 24582 | D:13     | Reached skill level 14 in Shields
 25156 | D:13     | Reached skill level 9 in Dodging
 25360 | D:14     | Reached skill level 10 in Fighting
 25364 | D:14     | Reached skill level 10 in Armour
 25484 | D:14     | Identified the +6 rapier "Juoffiq" {spect, Will- Int+8
                  | Dex+6}
 25793 | D:14     | Found a gate to the Vaults.
 26143 | D:15     | Entered Level 15 of the Dungeon
 26220 | D:15     | Received a gift from Okawaru
 26225 | D:15     | Reached skill level 12 in Throwing
 26235 | D:15     | Noticed Louise
 26259 | D:15     | Killed Louise
 26416 | D:15     | Reached XP level 16. HP: 122/136 MP: 21/21
 26538 | D:15     | HP: 62/136 [death knight/+0 halberd (8)]
 26618 | D:15     | Reached skill level 10 in Dodging
 26625 | D:15     | Reached skill level 11 in Fighting
 26625 | D:15     | Reached skill level 11 in Armour
 26670 | D:15     | Received a gift from Okawaru
 26838 | D:15     | Found a staircase to the Depths.
 27309 | Snake:1  | Entered Level 1 of the Snake Pit
 27314 | Snake:1  | Identified the +5 ring mail of the Forest {rF++ Regen+
                  | SInv}
 27360 | Snake:1  | Received a gift from Okawaru
 27379 | Snake:1  | Noticed Roxanne
 27424 | Snake:1  | Reached skill level 15 in Shields
 27471 | Snake:1  | HP: 54/137 [Roxanne/crystal spear (41)]
 27481 | Snake:1  | Killed Roxanne
 27689 | Snake:1  | Found Curuzul's One-of-a-Kind Rings.
 27903 | Snake:1  | Received a gift from Okawaru
 28170 | Snake:2  | Found a frozen archway.
 28193 | Snake:2  | Received a gift from Okawaru
 28350 | IceCv    | Entered an ice cave
 28434 | IceCv    | Reached skill level 12 in Fighting
 28438 | IceCv    | Reached skill level 12 in Armour
 28458 | IceCv    | Received a gift from Okawaru
 28522 | IceCv    | Reached skill level 11 in Dodging
 28739 | IceCv    | Reached skill level 13 in Throwing
 28819 | IceCv    | Identified the +1 plate armour of Lutiog {god gift, Harm
                  | rC+ Str+3} (Okawaru gifted it to you in an ice cave)
 28819 | IceCv    | Received a gift from Okawaru
 29405 | Snake:2  | Reached XP level 17. HP: 148/148 MP: 22/22
 30135 | Snake:4  | Entered Level 4 of the Snake Pit
 30196 | Snake:4  | Reached skill level 16 in Shields
 30838 | Snake:4  | Reached skill level 13 in Fighting
 30841 | Snake:4  | Reached skill level 13 in Armour
 30867 | Snake:4  | CougarLife: yo hows it going
 30867 | Snake:4  | CougarLife: nice +9 broad
 30878 | Snake:4  | Reached skill level 12 in Dodging
 30881 | Snake:4  | sleeves: yeah
 30881 | Snake:4  | CougarLife: was this a gl or fi start
 30881 | Snake:4  | sleeves: got it in a trove
 30881 | Snake:4  | sleeves: that was asked for wiping my piety
 30924 | Snake:4  | sleeves: this was enchanter i think
 30924 | Snake:4  | CougarLife: high piety isnt really necessary on oka
 30969 | Snake:4  | sleeves: look what else i found
 30969 | Snake:4  | CougarLife: the art broad?
 30969 | Snake:4  | sleeves: yeah
 30969 | Snake:4  | sleeves: and cpa
 30969 | Snake:4  | sleeves: and amulet
 30969 | Snake:4  | CougarLife: oh shit
 30969 | Snake:4  | CougarLife: rc cpa that you can blast with enchant armor
 30969 | Snake:4  | CougarLife: thats nice
 31072 | Snake:4  | Received a gift from Okawaru
 31429 | Snake:4  | CougarLife: we have similar stats
 31429 | Snake:4  | CougarLife: except i have 14 more ac lol
 31430 | Snake:4  | sleeves: servers are really laggy today
 31433 | Snake:4  | CougarLife: prolly somethin related to the issue last night
 31568 | Snake:4  | Got a serpentine rune of Zot
 31731 | Shoals:1 | Entered Level 1 of the Shoals
 31757 | Shoals:1 | Received a gift from Okawaru
 31758 | Shoals:1 | Reached skill level 14 in Throwing
 31797 | Shoals:1 | Found Fodghil's General Store.
 32676 | Shoals:1 | Noticed Kirke
 32688 | Shoals:1 | Killed Kirke
 32696 | Shoals:1 | Reached XP level 18. HP: 159/159 MP: 9/23
 32915 | Shoals:1 | Reached skill level 17 in Shields
 33063 | Shoals:1 | Received a gift from Okawaru
 33285 | Shoals:2 | Reached skill level 14 in Fighting
 33309 | Shoals:2 | You are sucked into a shaft and drop 1 floor!
 33320 | Shoals:3 | Reached skill level 14 in Armour
 33333 | Shoals:3 | Identified the +5 scale mail "Kestrysh" {god gift, Rampage}
                  | (Okawaru gifted it to you on level 3 of the Shoals)
 33333 | Shoals:3 | Received a gift from Okawaru
 33483 | Shoals:2 | Identified the +6 sling of the Bellicose God {vorpal, rF-
                  | Str+5}
 33627 | Shoals:2 | Reached skill level 13 in Dodging
 33856 | Shoals:2 | Found Ustrerch's Armour Emporium.
 34984 | Shoals:4 | Entered Level 4 of the Shoals
 35165 | Shoals:4 | Noticed Polyphemus
 35178 | Shoals:4 | HP: 80/161 [drowned by a water nymph (9)]
 35198 | Shoals:4 | Killed Polyphemus
 35223 | Shoals:4 | Identified the +4 ring mail of the Swan {god gift, -Tele
                  | Fly rCorr Int-2} (Okawaru gifted it to you on level 4 of
                  | the Shoals)
 35223 | Shoals:4 | Received a gift from Okawaru
 35452 | Shoals:4 | Identified the ring of Zoetaov {Ice +Blink rPois rCorr
                  | Int-5}
 35470 | Shoals:4 | Reached skill level 15 in Armour
 35527 | Shoals:4 | Reached skill level 15 in Fighting
 35731 | Shoals:4 | Reached skill level 15 in Throwing
 35966 | Shoals:4 | Reached skill level 18 in Shields
 36200 | Shoals:4 | Reached XP level 19. HP: 170/170 MP: 24/24
 36261 | Shoals:4 | Reached skill level 14 in Dodging
 36321 | Shoals:4 | Got a barnacled rune of Zot
 36650 | Vaults:1 | Entered Level 1 of the Vaults
 37181 | Vaults:1 | Received a gift from Okawaru
 38085 | Vaults:2 | Received a gift from Okawaru
 38124 | Vaults:2 | Reached skill level 16 in Fighting
 38124 | Vaults:2 | Reached skill level 16 in Armour
 38278 | Vaults:2 | Received a gift from Okawaru
 38444 | Vaults:2 | Paralysed by a great orb of eyes for 3 turns
 38631 | Vaults:2 | Noticed Nikola
 38646 | Vaults:2 | Killed Nikola
 38847 | Vaults:2 | Received a gift from Okawaru
 39156 | Vaults:2 | Reached skill level 15 in Dodging
 39201 | Vaults:2 | You fall into a shaft and drop 2 floors!
 39261 | Vaults:4 | Reached skill level 19 in Shields
 39282 | Vaults:4 | Reached skill level 16 in Throwing
 39399 | Vaults:4 | Reached XP level 20. HP: 182/182 MP: 17/25
 39753 | Vaults:4 | Got the Anthology of the Atmospheric Snowflakes
 39758 | Vaults:4 | Found a glowing silver altar of Zin.
 39758 | Vaults:4 | Found a crumbling gateway.
 39758 | Vaults:4 | Found a glowing golden altar of the Shining One.
 39770 | Vaults:4 | Found a white marble altar of Elyvilon.
 39788 | Desolati | Entered the Desolation of Salt
 39813 | Desolati | Received a gift from Okawaru
 39902 | Desolati | Identified the ring of the Slug {rC++ EV+4 Dex+7 Slay+5}
 39947 | Desolati | Identified the +8 chain mail of Qaosm {god gift, rF- rC+++
                  | Str+2} (Okawaru gifted it to you in the Desolation of Salt)
 39947 | Desolati | Received a gift from Okawaru
 40027 | Desolati | Identified the ring of Asodarhi {Ice rElec rPois Str+5
                  | Stlth-}
 40217 | Desolati | Reached skill level 17 in Fighting
 40218 | Desolati | Reached skill level 17 in Armour
 40314 | Desolati | Got the Incunabulum of the Snake and the Volcanoes
 40315 | Desolati | Identified the +2 glaive "Mer Kan" {freeze, rC+}
 40318 | Desolati | Identified the +11 hand axe "Amyrgh" {elec, Will+}
 41081 | Vaults:4 | Identified the +0 plate armour of Limitation {god gift,
                  | rPois} (Okawaru gifted it to you on level 4 of the Vaults)
 41081 | Vaults:4 | Received a gift from Okawaru
 41158 | Vaults:3 | Found a staircase to the Crypt.
 41193 | Vaults:3 | Reached skill level 16 in Dodging
 41491 | Vaults:3 | Reached skill level 20 in Shields
 41523 | Vaults:3 | Found a magical portal.
 41534 | WizLab   | Entered Lehudib's Moon Base
 41585 | WizLab   | Found a transporter.
 41618 | WizLab   | Reached XP level 21. HP: 193/193 MP: 26/26
 41626 | WizLab   | Reached skill level 17 in Throwing
 41671 | WizLab   | Identified the +5 scale mail of the Armoured One {god gift,
                  | rF+ rN+ Dex-2} (Okawaru gifted it to you in a wizard's
                  | laboratory)
 41671 | WizLab   | Received a gift from Okawaru
 41760 | WizLab   | Reached skill level 18 in Fighting
 41776 | WizLab   | Reached skill level 18 in Armour
 41939 | WizLab   | Identified the ring "Kebrynou" {rElec rPois}
 41978 | WizLab   | Gained mutation: You are weak. (Str -2) [a neqoxec]
 42091 | WizLab   | Found a transporter.
 42510 | WizLab   | Identified the ring of Xom's Amusement {rPois Will++ Int+4}
 42624 | WizLab   | Got Lehudib's Handbook of Topological Earth
 43122 | Vaults:3 | Reached skill level 17 in Dodging
 43832 | Elf:1    | Entered Level 1 of the Elven Halls
 43832 | Elf:1    | Found a runed translucent gate.
 43832 | Elf:1    | Found a runed translucent gate.
 43832 | Elf:1    | Found a runed translucent gate.
 43832 | Elf:1    | Found a runed translucent gate.
 43832 | Elf:1    | Found a runed translucent gate.
 43832 | Elf:1    | Found a runed translucent gate.
 43834 | Elf:1    | Found a runed translucent door.
 43845 | Elf:1    | Found a runed translucent door.
 44168 | Elf:1    | Received a gift from Okawaru
 44227 | Elf:1    | Found a shimmering blue altar of Sif Muna.
 44359 | Elf:1    | Reached skill level 19 in Fighting
 44365 | Elf:1    | Reached skill level 19 in Armour
 44761 | Elf:2    | Found a gateway to a bazaar.
 44773 | Elf:2    | Reached skill level 18 in Throwing
 44809 | Elf:2    | Reached XP level 22. HP: 180/206 MP: 8/27
 44848 | Bazaar   | Entered a bazaar
 44944 | Bazaar   | Found Kaoclaas's Book Boutique.
 44966 | Bazaar   | Found Jegeja's Weapon Emporium.
 44987 | Bazaar   | Found Penikhlao's Book Boutique.
 45000 | Bazaar   | Bought 2 silver javelins for 81 gold pieces
 45030 | Bazaar   | Found Jase's Antique Armour Shoppe.
 45042 | Bazaar   | Bought the +2 hat of the Bear Spirit {Spirit, *Rage Will++}
                  | for 1047 gold pieces
 45042 | Bazaar   | Found the +2 hat of the Bear Spirit {Spirit, *Rage Will++}
 45051 | Bazaar   | Bought a runed cloak for 225 gold pieces
 45287 | Elf:2    | CougarLife: does that say bearserk
 45287 | Elf:2    | CougarLife: or am i having a stroke
 45295 | Elf:2    | sleeves: yeah
 45295 | Elf:2    | sleeves: i thought this wasnt random rage
 45297 | Elf:2    | CougarLife: what the fuck is bearserk
 45297 | Elf:2    | CougarLife: oh wtf lol
 45297 | Elf:2    | sleeves: they changed how it works i guess
 45297 | Elf:2    | sleeves: seems bad now
 45322 | Elf:2    | Found Pidam's Magic Scroll Shoppe.
 45332 | Elf:2    | Noticed Zenata
 45347 | Elf:2    | Killed Zenata
 45353 | Elf:2    | Bought a scroll of blinking for 127 gold pieces
 45353 | Elf:2    | Bought a scroll of teleportation for 51 gold pieces
 45353 | Elf:2    | Bought a scroll of enchant armour for 127 gold pieces
 45605 | Elf:2    | Found a runed translucent gate.
 45605 | Elf:2    | Found a runed translucent gate.
 45606 | Elf:2    | Found a runed translucent gate.
 45688 | Elf:3    | Entered Level 3 of the Elven Halls
 45874 | Elf:3    | Reached skill level 18 in Dodging
 45932 | Elf:3    | Noticed Bai Suzhen
 45949 | Elf:3    | Killed Bai Suzhen
 45949 | Elf:3    | Identified the +8 arbalest of the Burning Boar {god gift,
                  | penet, rF+ rC+} (Okawaru gifted it to you on level 3 of the
                  | Elven Halls)
 45949 | Elf:3    | Received a gift from Okawaru
 45952 | Elf:3    | sleeves: dang penet arbalast
 46736 | Elf:3    | Identified the ring "Ujegileaps" {rCorr Int+5 Stlth+}
 46745 | Elf:3    | Reached skill level 20 in Fighting
 46745 | Elf:3    | Reached skill level 20 in Armour
 46747 | Elf:3    | Identified the +12 dagger of Wounding {vorpal, *Noise Fly
                  | MP-9 Dex+8}
 46750 | Elf:3    | Received a gift from Okawaru
 46751 | Elf:3    | Identified the +5 glaive "Lusobb" {antimagic, rPois Will-
                  | SInv Stlth+}
 47099 | Elf:3    | Identified the amulet "Utsuru" {Acrobat rF+ Stlth+}
 47143 | Elf:3    | Received a gift from Okawaru
 47147 | Elf:3    | Found the +10 tower shield of Ignorance {rN+ Int-4}
 47148 | Elf:3    | Identified the amulet of Temoutab {Acrobat Dex+4}
 47152 | Elf:3    | Got Lommaib's Incunabulum of the Traveller and
                  | Transmigration
 47555 | Crypt:1  | Entered Level 1 of the Crypt
 47647 | Crypt:1  | Noticed Mennas
 47666 | Crypt:1  | Killed Mennas
 47667 | Crypt:1  | Reached skill level 19 in Dodging
 48123 | Crypt:1  | Reached skill level 20 in Dodging
 48306 | Crypt:1  | HP: 78/209 [??? (50)]
 48685 | Crypt:1  | HP: 78/209 [??? (49)]
 48691 | Crypt:1  | HP: 49/209 [jiangshi[a curse skull] (3)]
 49437 | Crypt:2  | HP: 89/209 [??? (57)]
 49747 | Crypt:2  | Found a basalt altar of Yredelemnul.
 49964 | Crypt:3  | Entered Level 3 of the Crypt
 49964 | Crypt:3  | Found a staircase to the Tomb.
 49970 | Crypt:3  | HP: 92/209 [flayed ghost/flay_damage (29)]
 49994 | Crypt:3  | Identified the +3 broad axe of the Demagogue {vorpal,
                  | Dex+4}
 50063 | Crypt:3  | Received a gift from Okawaru
 50203 | Crypt:3  | Reached XP level 23. HP: 215/215 MP: 12/29
 50273 | Crypt:3  | Reached skill level 10 in Invocations
 50498 | Crypt:3  | Noticed Saint Roka
 50507 | Crypt:3  | HP: 100/215 [Saint Roka/divine providence (10)]
 50523 | Crypt:3  | Killed Saint Roka
 50825 | Crypt:3  | Received a gift from Okawaru
 50935 | Crypt:3  | Identified the +8 great sword "Qirhy" {freeze, rN+}
 51021 | Crypt:3  | Reached skill level 21 in Armour
 51035 | Crypt:3  | Reached skill level 21 in Shields
 51090 | Crypt:3  | Received a gift from Okawaru
 51382 | Crypt:3  | Reached skill level 11 in Invocations
 51477 | Crypt:3  | Found the +7 great mace "Undeadhunter" {disrupt, rN+}
 51490 | Crypt:3  | Identified the +8 shortbow "Ucomut" {vorpal, Fly rF+ rN+
                  | Will+ Dex+3}
 51493 | Crypt:3  | Identified the +0 chain mail of the Stonemason {Harm Dex+5
                  | Slay+3}
 51495 | Crypt:3  | Identified the +7 trident "Xigoufy Adub" {holy, rF+ Int+3}
 51507 | Crypt:3  | Identified the ring of Juxkuy {rC- rN+ Str+9}
 51507 | Crypt:3  | Identified the ring "Zig Rol" {rN+ Str+5 Dex+3}
 51511 | Crypt:3  | Identified the ring "Aqoxket" {rF+ rN+ Will+}
 51521 | Crypt:3  | Identified the +5 flail "Hobb" {drain, *Slow Str+5}
 52986 | Vaults:5 | Entered Level 5 of the Vaults
 53151 | Vaults:5 | Reached skill level 12 in Invocations
 53188 | Vaults:5 | Received a gift from Okawaru
 53201 | Vaults:5 | Noticed an ancient lich
 53212 | Vaults:5 | Received a gift from Okawaru
 53217 | Vaults:5 | Killed an ancient lich
 53218 | Vaults:5 | Reached skill level 22 in Armour
 53235 | Vaults:5 | Reached skill level 22 in Shields
 53296 | Vaults:5 | Identified the +10 plate armour of Ucamnikhe {Drain rF+
                  | Regen+}
 53361 | Vaults:5 | Identified the +0 cloak "Ofi Ciew" {god gift, rC+ Will+
                  | Str+2 Slay+2} (Okawaru gifted it to you on level 5 of the
                  | Vaults)
 53361 | Vaults:5 | Received a gift from Okawaru
 53497 | Vaults:5 | Got the Directory of Transmogrification and Imprecation
 53523 | Vaults:5 | Noticed an ancient lich
 53524 | Vaults:5 | Identified a scroll of acquirement
 53542 | Vaults:5 | Killed an ancient lich
 53844 | Vaults:5 | Acquired a manual of Stealth
 53855 | Vaults:5 | Got a silver rune of Zot
 53949 | Vaults:5 | Reached XP level 24. HP: 224/224 MP: 31/31
 53958 | Vaults:5 | Found the +5 sword of Power {vorpal}
 54049 | Vaults:5 | Reached skill level 13 in Invocations
 54138 | Vaults:5 | Identified the +6 falchion "Viriwaq" {vorpal, rF+ Str+2
                  | Dex-2 Stlth+}
 54237 | Vaults:5 | Identified the +3 flail "Corir" {freeze, Drain rC+ rCorr}
 54280 | Vaults:5 | Found Lul Puuf's General Store.
 54283 | Vaults:5 | Bought a scroll of blinking for 127 gold pieces
 54308 | Vaults:5 | Identified the +6 chain mail "Hoyschyo" {MP+9}
 54328 | Vaults:5 | Identified the +2 robe "Beleme" {rC- Int+5}
 54387 | Vaults:5 | Identified the ring of Qeol {rPois rF+ AC+4 Int+3}
 54395 | Vaults:5 | Identified the +8 spear "Beastslayer" {spect, Fly rCorr}
 54408 | Vaults:5 | Identified the +1 bardiche of Qodghagh {freeze, Str+5}
 54452 | Vaults:5 | Found Huj Dadi's Book Shoppe.
 55203 | Slime:1  | Entered Level 1 of the Pits of Slime
 55429 | Slime:3  | Gained mutation: You have hidden genetic defects. [a
                  | shining eye]
 55432 | Slime:3  | Gained mutation: You are dopey. (Int -2) [a shining eye]
 55438 | Slime:3  | Lost mutation: You have hidden genetic defects. [potion of
                  | mutation]
 55438 | Slime:3  | Lost mutation: You are dopey. (Int -2) [potion of mutation]
 55438 | Slime:3  | Lost mutation: You are weak. (Str -2) [potion of mutation]
 55438 | Slime:3  | Gained mutation: You sometimes lose your temper in combat.
                  | [potion of mutation]
 55438 | Slime:3  | Gained mutation: You are partially covered in iridescent
                  | scales. (AC +2) [potion of mutation]
 55448 | Slime:3  | Lost mutation: You are partially covered in iridescent
                  | scales. (AC +2) [potion of mutation]
 55448 | Slime:3  | Lost mutation: You sometimes lose your temper in combat.
                  | [potion of mutation]
 55448 | Slime:3  | Gained mutation: You occasionally lose the ability to read
                  | scrolls when taking damage. [potion of mutation]
 55448 | Slime:3  | Gained mutation: You are covered in fur. (AC +1) [potion of
                  | mutation]
 55448 | Slime:3  | Gained mutation: Your muscles are strong. (Str +4, Int/Dex
                  | -1) [potion of mutation]
 55449 | Slime:3  | Lost mutation: You occasionally lose the ability to read
                  | scrolls when taking damage. [potion of mutation]
 55449 | Slime:3  | Lost mutation: You are covered in fur. (AC +1) [potion of
                  | mutation]
 55449 | Slime:3  | Lost mutation: Your muscles are strong. (Str +4, Int/Dex
                  | -1) [potion of mutation]
 55449 | Slime:3  | Gained mutation: Your natural rate of healing is unusually
                  | fast. [potion of mutation]
 55453 | Slime:4  | Found a viscous altar of Jiyva.
 55467 | Slime:5  | Entered Level 5 of the Pits of Slime
 55506 | Slime:5  | Found a viscous altar of Jiyva.
 55507 | Slime:5  | Noticed the Royal Jelly
 55530 | Slime:5  | Killed the Royal Jelly
 55541 | Slime:5  | CougarLife: this is lookin spooky
 55547 | Slime:5  | sleeves: im so strong tho
 55551 | Slime:5  | CougarLife: oh wtf
 55551 | Slime:5  | CougarLife: 53 ac 42 sh
 55551 | Slime:5  | CougarLife: what the fuckd o you have
 55556 | Slime:5  | Reached skill level 23 in Armour
 55568 | Slime:5  | Reached skill level 23 in Shields
 55568 | Slime:5  | CougarLife: oh did you use enchant armor scrolls
 55571 | Slime:5  | sleeves: yeah
 55571 | Slime:5  | sleeves: its +9
 55571 | Slime:5  | CougarLife: nice
 55583 | Slime:5  | Identified the +6 broad axe of Fax Zoat {god gift, venom,
                  | Dex+2} (Okawaru gifted it to you on level 5 of the Pits of
                  | Slime)
 55583 | Slime:5  | Received a gift from Okawaru
 55589 | Slime:5  | Found the amulet of Vitality {RegenMP++ Regen++}
 55593 | Slime:5  | CougarLife: oh you already killed trj?
 55593 | Slime:5  | sleeves: yeah
 55593 | Slime:5  | CougarLife: what did you do to kill him
 55593 | Slime:5  | sleeves: hast might hero finesse
 55593 | Slime:5  | CougarLife: ah
 55593 | Slime:5  | CougarLife: yeah thatl do it
 55617 | Slime:5  | CougarLife: i wonder if you duel him
 55618 | Slime:5  | Identified the +4 trident of Xiecek {vorpal, Fly rC+}
 55621 | Slime:5  | CougarLife: if it stops the other slimes from showing up
 55621 | Slime:5  | CougarLife: in the fight
 55621 | Slime:5  | sleeves: i doubt it
 55633 | Slime:5  | CougarLife: i do too but part of me thinks it would
 55634 | Slime:5  | CougarLife: since he hates allies
 55634 | Slime:5  | CougarLife: guess i could fuck around and find out on my
                  | playthrough
 55644 | Slime:5  | Identified the +9 morningstar of Kueme {vorpal, rN+}
 55677 | Slime:5  | Got a slimy rune of Zot
 55679 | Slime:5  | Got Ycweolocs's Codex of Feathery Adjuration
 55683 | Slime:5  | Got the Papyrus of Unstable Congelation
 55701 | Slime:5  | Identified the ring "Urriusao" {Fire rCorr}
 55704 | Slime:5  | Identified the +4 chain mail of Classification {rElec
                  | rCorr}
 55714 | Slime:5  | sleeves: i could probably go for 15 runes
 55714 | Slime:5  | sleeves: but i just want the one and won
 55717 | Slime:5  | sleeves: was hoping for more rf+
 56409 | Depths:1 | Entered Level 1 of the Depths
 56471 | Depths:1 | Found a gateway to Hell.
 56554 | Depths:1 | HP: 107/224 [flayed ghost/flay_damage (34)]
 56560 | Depths:1 | Reached skill level 14 in Invocations
 56706 | Depths:1 | Found a one-way gate leading to the halls of Pandemonium.
 57354 | Depths:2 | Identified the +10 plate armour of Tajuqeb {-Tele rCorr
                  | Str+3}
 57604 | Depths:2 | Found a stormy altar of Qazlal.
 57637 | Depths:2 | Identified the +12 sling "Kuodiv" {god gift, vorpal, Drain
                  | Will+ MP+9 Str+4} (Okawaru gifted it to you on level 2 of
                  | the Depths)
 57637 | Depths:2 | Received a gift from Okawaru
 57642 | Depths:2 | CougarLife: do 15 pussy
 57644 | Depths:2 | CougarLife: u can bail at any time
 57740 | Depths:2 | sleeves: rather not
 58211 | Depths:3 | Reached skill level 15 in Invocations
 58225 | Depths:3 | Reached XP level 25. HP: 230/231 MP: 14/33
 58237 | Depths:3 | Reached skill level 24 in Armour
 58237 | Depths:3 | Reached skill level 24 in Shields
 58253 | Depths:3 | Received a gift from Okawaru
 58270 | Depths:3 | Paralysed by a floating eye for 4 turns
 58271 | Depths:3 | HP: 100/231 [flayed ghost/flay_damage (31)]
 58275 | Depths:3 | sleeves: omg this lag got me killed
 58391 | Depths:3 | Received a gift from Okawaru
 58471 | Depths:3 | You fall into a shaft and drop 1 floor!
 58471 | Depths:4 | Entered Level 4 of the Depths
 58523 | Depths:4 | Noticed a juggernaut
 58538 | Depths:4 | Killed a juggernaut
 58725 | Depths:3 | Identified the +6 ring mail of Compression {*Corrode Regen+
                  | MP+9 Dex+3}
 59107 | Depths:3 | Noticed Xtahua
 59108 | Depths:3 | sleeves: well almost
 59122 | Depths:3 | Killed Xtahua
 59646 | Depths:4 | Noticed Vv
 59663 | Depths:4 | HP: 107/231 [death drake][a white draconian stormcaller]
                  | (17)]
 59708 | Depths:4 | HP: 110/231 [Vv/flame surge (33)]
 59787 | Depths:4 | Killed Vv
 59787 | Depths:4 | Identified the +4 chain mail of Focus {god gift, Drain rC+
                  | Will+} (Okawaru gifted it to you on level 4 of the Depths)
 59787 | Depths:4 | Received a gift from Okawaru
 59844 | Depths:4 | Found a gate to the Realm of Zot.
 60096 | Depths:4 | Gained mutation: You are dopey. (Int -2) [a shining eye]
 60154 | Depths:4 | Reached skill level 25 in Armour
 60154 | Depths:4 | Reached skill level 25 in Shields
 60155 | Depths:4 | Found a one-way gateway to a ziggurat.
 60361 | Depths:4 | Found a shimmering blue altar of Sif Muna.
 60478 | Zot:1    | Entered Level 1 of the Realm of Zot
 60478 | Zot:1    | Noticed a juggernaut
 60499 | Zot:1    | Killed a juggernaut
 60648 | Zot:1    | Found the +9 scales of the Dragon King {rPois rF+ rC+
                  | Will+}
 60831 | Zot:1    | Reached skill level 19 in Axes
 60890 | Zot:1    | Noticed a Killer Klown
 60906 | Zot:1    | Noticed a Killer Klown
 60911 | Zot:1    | Killed a Killer Klown
 60916 | Zot:1    | Reached skill level 21 in Fighting
 60932 | Zot:1    | Killed a Killer Klown
 60956 | Zot:1    | Noticed an orb of fire
 60968 | Zot:1    | Killed an orb of fire
 60968 | Zot:1    | Received a gift from Okawaru
 61158 | Zot:1    | Reached skill level 21 in Dodging
 61397 | Zot:1    | Reached XP level 26. HP: 244/244 MP: 14/33
 61506 | Zot:1    | Identified the +1 plate armour of Pathos {god gift, rElec}
                  | (Okawaru gifted it to you on level 1 of the Realm of Zot)
 61506 | Zot:1    | Received a gift from Okawaru
 61516 | Zot:1    | Noticed an ancient lich
 61525 | Zot:1    | Killed an ancient lich
 61538 | Zot:1    | Identified the +5 scale mail of Daefiy {Str+3 Dex+2}
 61556 | Zot:1    | Noticed Parghit
 61690 | Zot:1    | sleeves: this guy just doesnt die
 61690 | Zot:1    | sleeves: i guess
 61711 | Zot:1    | Killed Parghit
 62124 | Zot:2    | Reached skill level 20 in Axes
 62225 | Zot:2    | Got the Dissertation on Flamy Displacement
 62810 | Zot:3    | Reached skill level 22 in Fighting
 62930 | Zot:3    | Identified the amulet "Attyonu" {Faith rPois Str+2 Slay-4
                  | Stlth+}
 62961 | Zot:3    | Received a gift from Okawaru
 62967 | Zot:3    | Reached skill level 22 in Dodging
 63608 | Zot:3    | Reached skill level 21 in Axes
 64077 | Zot:4    | HP: 91/248 [??? (59)]
 64150 | Zot:4    | Received a gift from Okawaru
 64174 | Zot:4    | Identified the +3 leather armour "Xuodixi" {Harm Str-4
                  | Dex+3}
 64250 | Zot:4    | HP: 92/249 [??? (59)]
 64551 | Zot:4    | Acquired a manual of Maces & Flails
 64677 | Zot:4    | Reached skill level 23 in Fighting
 64954 | Zot:5    | Entered Level 5 of the Realm of Zot
 65255 | Zot:5    | Noticed an orb of fire
 65382 | Zot:5    | Killed an orb of fire
 65559 | Zot:5    | Noticed an ancient lich
 65574 | Zot:5    | Killed an ancient lich
 65574 | Zot:5    | Received a gift from Okawaru
 65575 | Zot:5    | Reached XP level 27. HP: 258/258 MP: 14/33
 65575 | Zot:5    | Noticed an orb of fire
 65575 | Zot:5    | Noticed an orb of fire
 65581 | Zot:5    | Gained mutation: You are frail. (-10% HP) [an orb of fire]
 65591 | Zot:5    | Gained mutation: Your body sometimes deteriorates upon
                  | taking damage. [an orb of fire]
 65591 | Zot:5    | Gained mutation: You are occasionally teleported next to
                  | monsters. [an orb of fire]
 65595 | Zot:5    | Killed an orb of fire
 65600 | Zot:5    | Killed an orb of fire
 65650 | Zot:5    | Received a gift from Okawaru
 65652 | Zot:5    | Noticed a dread lich
 65667 | Zot:5    | Killed a dread lich
 65668 | Zot:5    | Reached skill level 23 in Dodging
 65675 | Zot:5    | Received a gift from Okawaru
 65688 | Zot:5    | Reached skill level 22 in Axes
 65707 | Zot:5    | Noticed an ancient lich
 65719 | Zot:5    | Gained mutation: You are very frail. (-20% HP) [mutagenic
                  | glow]
 65724 | Zot:5    | HP: 94/207 [ancient lich/crystal spear (55)]
 65740 | Zot:5    | Gained mutation: You are extremely frail. (-30% HP)
                  | [mutagenic glow]
 65764 | Zot:5    | Lost mutation: You are occasionally teleported next to
                  | monsters. [potion of mutation]
 65764 | Zot:5    | Lost mutation: Your body sometimes deteriorates upon taking
                  | damage. [potion of mutation]
 65764 | Zot:5    | Lost mutation: You are extremely frail. (-30% HP) [potion
                  | of mutation]
 65764 | Zot:5    | Lost mutation: You are dopey. (Int -2) [potion of mutation]
 65764 | Zot:5    | Gained mutation: You expend magic power (3 MP) to
                  | strengthen your wands. [potion of mutation]
 65765 | Zot:5    | Lost mutation: Your natural rate of healing is unusually
                  | fast. [potion of mutation]
 65765 | Zot:5    | Lost mutation: You expend magic power (3 MP) to strengthen
                  | your wands. [potion of mutation]
 65765 | Zot:5    | Gained mutation: You have hidden genetic potential. [potion
                  | of mutation]
 65765 | Zot:5    | Gained mutation: You are clumsy. (Dex -2) [potion of
                  | mutation]
 65766 | Zot:5    | Lost mutation: You are very frail. (-20% HP) [potion of
                  | mutation]
 65766 | Zot:5    | Lost mutation: You are frail. (-10% HP) [potion of
                  | mutation]
 65766 | Zot:5    | Lost mutation: You are clumsy. (Dex -2) [potion of
                  | mutation]
 65766 | Zot:5    | Gained mutation: Your body sometimes deteriorates upon
                  | taking damage. [potion of mutation]
 65766 | Zot:5    | Gained mutation: You have sharp toenails. [potion of
                  | mutation]
 65852 | Zot:5    | Killed an ancient lich
 65916 | Zot:5    | Got the Orb of Zot
 66048 | Zot:1    | HP: 128/260 [red draconian scorcher/damnation (31)]
 66413 | D:3      | Noticed Viero the pandemonium lord
 66422 | D:3      | Killed Viero the pandemonium lord
 66479 | D:$      | Escaped with the Orb!

Illustrated notes

Levels and vault maps discovered:
D:1:      ldierk_walled_garden, layout_rooms, dreamdust_ecumenical_altar_statues
D:2:      layout_basic, chequers_serial_rivers_large_a,
          chequers_serial_rivers_room_a, kennysheep_generic_room_11
D:3:      layout_loops_cross, serial_shops, nicolae_diamond_shop,
          nicolae_lakefront_shop, shop_fountains,
          nicolae_shop_bloodbath_and_beyond, shop, st_stairs_4,
          serial_bayou_lagoon_a, minivault_19
D:4:      layout_rooms, okawaru_gym_becter, gup_sewer_entry_pipe, uniq_sigmund,
          uniq_duvessa
D:5:      layout_gridville, dk_rats_in_the_wall
D:6:      layout_layer_cave, mainiacjoe_overflow_divided_tiny,
          minmay_temple_entry_enclosed_plants, gammafunk_ghost_abyssal_escape
D:7:      layout_loops_corners
D:8:      layout_loops_ring, david_lair_shrubbed,
          hangedman_abyss_or_decor_clamps
D:9:      layout_loops_ring, elyvilon_altar_4, st_stairs_14, uniq_grum,
          uniq_maggie
D:10:     layout_stronghold, serial_shops, shop, minmay_nine_imps
D:11:     minmay_the_grid_octo_tiled_octocenter [minmay_the_grid_octo_pinwheel,
          minmay_the_grid_octo_odd_swirl, minmay_the_grid_octo_horde,
          minmay_the_grid_octo_fan_narrow, minmay_the_grid_octo_prize_star,
          minmay_the_grid_square_5x5_almost_minimal,
          minmay_the_grid_square_5x5_seven,
          minmay_the_grid_square_5x5_hollow_slash,
          minmay_the_grid_square_5x5_n], layout_irregular_city
D:12:     layout_gridville, orc_david_3
D:13:     layout_long_grid, nicolae_trove_entry_crystal, grunt_ministairs_7,
          lightli_elemental_guards
D:14:     layout_roguey, david_vaults_1
D:15:     hangedman_depths_entry_civil_slaughter, layout_rooms, chequers_avenue,
          uniq_louise
Lair:1:   layout_cave_pods, minmay_holes, grunt_megastairs_1
Lair:2:   layout_cave_pods, guppyfry_snake_entry_garden,
          ebering_ghost_funeral_grove, serial_bayou_shore_b,
          serial_bayou_shore_a
Lair:3:   layout_gridlike, minmay_shoals_entry_beasts,
          nicolae_lair_grazing_beasts [nicolae_sub_lair_graze_edge,
          nicolae_sub_lair_graze_edge, nicolae_sub_lair_graze_edge,
          nicolae_sub_lair_graze_edge], grunt_megastairs_4,
          serial_bayou_shore_b, uniq_fannar
Lair:4:   layout_long_grid, nicolae_lair_yak_garden
Lair:5:   evilmike_catoblepas_cave, layout_cave_pods, slime_entry_1,
          uniq_rupert, uniq_josephine
Shoals:1: layout_shoals, serial_shops, nicolae_shop_stone,
          nicolae_shoals_lost_giant_pillars, uniq_kirke
Shoals:2: cheibrodos_shoals_oceanic_diplomacy, layout_shoals, serial_shops, shop
Shoals:3: layout_shoals
Shoals:4: shoals_end_grunt_ice, layout_shoals, nicolae_shoals_this_corrosion,
          uniq_polyphemus
Snake:1:  layout_misc_corridors, nicolae_shop_unique_rings, uniq_roxanne
Snake:2:  layout_rooms, portal_ice_cave_entry_ugly_swarm,
          nicolae_snake_biting_tails
Snake:3:  layout_rooms
Snake:4:  grunt_snake_rune_serpentine_throne, layout_layer_cave,
          nicolae_snake_guarding_the_ruins
Slime:1:  layout_caves
Slime:2:  layout_caves
Slime:3:  layout_caves, nicolae_slime_phagocytosis
Slime:4:  layout_caves, basic_altar, nicolae_slime_ancient_tower_intersection
Slime:5
Orc:1:    layout_caves, serial_shops, nicolae_shop_waterfront,
          nicolae_volcano_entry_two_sided
Orc:2:    pubby_orc_utopia
Elf:1:    nicolae_elf_arrival_dilemma, layout_geoelf_grid, basic_altar,
          kennysheep_underground_church, nicolae_elf_deep_mausoleum
Elf:2:    nicolae_elf_blades_splatter_lattice [nicolae_blade_lattice],
          layout_gridlike, serial_shops, bzr_in_the_mist, minmay_shop_star,
          uniq_zenata
Elf:3:    elf_hall_gauntlet_wide, layout_geoelf_castle, uniq_bai_suzhen
Vaults:1: v_misc_28, v_misc_9, hangedman_vaults_nodes, nicolae_vaults_big_ls,
          v_misc_1, dpeg_vaults_monster_box, nicolae_vaults_rhombus_5,
          ontoclasm_vaults_decontamination, vaults_room_stairs_pillars,
          vaults_dpeg_ring, layout_vaults_chaotic_city
Vaults:2: hangedman_vaults_variations, nicolae_vaults_know_your_exits,
          hangedman_vaults_capsules, nicolae_vaults_what_the_h,
          vaults_mumra_minichess_inversion, nicolae_vaults_network_star,
          v_misc_8, grunt_vaults_focal, nicolae_vaults_alarming,
          grunt_vaults_diagonal, ontoclasm_vaults_fault, layout_vaults_ring,
          uniq_nikola
Vaults:3: infiniplex_enter_wizlab_water, vaults_standard_mumra_x,
          nicolae_vaults_triangles, minmay_crypt_entry_simple_plaza, v_misc_1,
          v_pattern_3, hangedman_vaults_snaps, v_alt_pattern_4,
          ontoclasm_vaults_idyll, nicolae_vaults_specimen_jars,
          layout_vaults_omnibox
Vaults:4: portal_desolation_entry_holy_temple, vaults_room_fancy_cross,
          v_pattern_4, vaults_room_fours, grunt_vaults_hallway_short,
          vaults_dpeg_encased_lava, nicolae_vaults_network_barrier,
          ontoclasm_vaults_ring_small, nicolae_vaults_diagonal_hallway_7,
          nicolae_vaults_little_squares_3, layout_vaults_omnigrid
Vaults:5
Crypt:1:  layout_gridlike, st_stairs_7, grunt_crypt_arrival_webbed, uniq_mennas
Crypt:2:  layout_basic, basic_altar
Crypt:3:  due_elkab, layout_chaotic_city, grunt_ministairs_2,
          nicolae_fountain_basement, uniq_saint_roka
Depths:1: layout_forbidden_donut, rand_demon_pan_entry_5, pf_coc_iceberg,
          bh_walls_and_bars, glass_columns_a, kennysheep_generic_room_8,
          kennysheep_random_hallway, serial_bayou_shore_b
Depths:2: minmay_connected_triangles_in_corner, layout_cross,
          rand_demon_pan_entry_3, lemuel_round_altar, grunt_hell_entry_dis_mu,
          uniq_josephina
Depths:3: minmay_big_diamond_grid, layout_basic, hell_entry, abyss_entry,
          pan_entry, nicolae_lava_and_water, uniq_xtahua
Depths:4: evilmike_zot_entry_argh, layout_basic, enter_ziggurat_b, led_sif_pool,
          nicolae_abyss_entry_one_way_or_another, hell_entry,
          rand_demon_pan_entry_8, uniq_vv
Zot:1:    ebering_greatest_show_in_zot, layout_misc_corridors,
          hangedman_player_shredder, uniq_parghit
Zot:2:    layout_basic, grunt_megastairs_5, lemuel_elevator
Zot:3:    layout_cathedral_of_symmetry
Zot:4:    layout_onion_interference, lemuel_baited_zot_trap,
          hangedman_zot_decor_checkerboard, grunt_megastairs_2
Zot:5:    layout_gridlike

Skill      XL: |  1  2  3  4  5  6  7  8  9 10 11 12 13 14 15 16 17 18 19 20 21 22 23 24 25 26 27 |
---------------+----------------------------------------------------------------------------------+-----
Fighting       | 1 2 3 5 7 8 10 12 13 15 16 17 19 20 21 23 | 23.9
Armour         | 1 2 3 5 7 8 10 12 13 15 16 17 19 20 22 23 25 | 25.0
Shields        | 1 2 7 10 13 14 15 16 18 19 20 22 23 25 | 25.0
Axes           | 4 6 8 10 12 13 14 15 17 18 19 21 22 | 22.4
Invocations    | 3 6 8 9 12 15 | 15.0
Ranged Weapons | 3 6 |  6.4
Dodging        | 5 7 9 11 12 13 15 16 17 20 21 22 23 | 23.4
Throwing       | 5 8 10 12 13 14 15 16 18 | 18.0
Short Blades   | |  1.1
Stealth        | |  2.4
Spellcasting   | |  1.3
Hexes          | |  2.0

Action                   |  1- 3 |  4- 6 |  7- 9 | 10-12 | 13-15 | 16-18 | 19-21 | 22-24 | 25-27 || total
-------------------------+-------+-------+-------+-------+-------+-------+-------+-------+-------++-------
Melee: Dagger            |    87 |    47 |       |       |       |       |       |       |       ||   134
       Headbutt          |     7 |    19 |    24 |    80 |   271 |   353 |   416 |   639 |   634 ||  2443
       Punch             |     1 |       |       |       |     3 |       |       |       |       ||     4
       Hand axe          |       |    22 |       |       |       |       |       |       |       ||    22
       Trident           |       |    70 |   205 |   246 |       |       |       |       |       ||   521
       Broad axe         |       |       |       |   201 |  1023 |  1285 |  1332 |  1753 |  1604 ||  7198
       Quarterstaff      |       |       |       |       |     7 |       |       |       |       ||     7
Throw: Throwing net      |       |       |       |     3 |       |       |       |       |       ||     3
       Boomerang         |       |       |       |     2 |     9 |    56 |     4 |    54 |    47 ||   172
       Javelin           |       |       |       |       |       |       |       |     1 |    13 ||    14
Invok: Heroism           |       |       |     1 |     5 |     8 |     6 |     5 |     5 |    14 ||    44
       Finesse           |       |       |       |       |       |       |       |     1 |     2 ||     3
Evoke: Wand              |       |     1 |       |     6 |       |       |       |       |     1 ||     8
  Use: Potion            |       |       |       |     2 |     2 |     2 |       |     8 |    11 ||    25
       Scroll            |       |       |       |     8 |    14 |     9 |     4 |    15 |    14 ||    64
 Stab: Sleeping          |     3 |       |       |       |       |     9 |    10 |     1 |       ||    23
       Paralysed         |       |     3 |       |       |       |       |       |       |       ||     3
       Invisible         |       |       |       |     2 |     2 |     7 |       |       |       ||    11
       Petrified         |       |       |       |     5 |     4 |       |       |       |       ||     9
       Petrifying        |       |       |       |     1 |       |       |       |       |       ||     1
       Confused          |       |       |       |       |       |       |       |       |     2 ||     2
Armor: Robe              |     9 |       |       |       |       |       |       |       |       ||     9
       Scale mail        |    22 |    38 |    37 |   136 |   220 |       |       |    57 |       ||   510
       Plate armour      |       |       |    25 |    31 |       |       |       |       |    58 ||   114
       Fire dragon scale |       |       |       |       |   183 |    23 |       |       |       ||   206
       Ring mail         |       |       |       |       |       |   266 |   186 |    25 |       ||   477
       Troll leather arm |       |       |       |       |       |       |    36 |       |       ||    36
       Crystal plate arm |       |       |       |       |       |       |       |   206 |   193 ||   399
       Gold dragon scale |       |       |       |       |       |       |       |       |   194 ||   194
Dodge: Dodged            |    60 |    42 |    59 |   132 |   358 |   327 |   600 |   545 |   612 ||  2735
Block: Buckler           |    12 |    13 |    29 |    34 |       |       |       |       |       ||    88
       Tower shield      |       |       |       |   101 |   687 |  1429 |  1451 |  2128 |  2098 ||  7894
       Reflection        |       |       |       |       |     8 |   171 |    77 |    49 |       ||   305
